Workbook

Sheet VIGENCIA ACTUAL 
A5: INFORME DE EJECUCION PRESUPUESTAL
B8: SECCION: | D8: 4301
B9: UNIDAD EJECUTORA: | D9: 430101
B10: AÑO FISCAL: | D10: 2026
B11: PERIODO: | D11: Junio | K11: =+K12-K15 -> 0 | P11: =P15-P12 -> 0 | Q11: =Q12-Q15 -> 0 | R11: =R15-R12 -> 0 | S11: =S15-S12 -> 0 | T11: =T15-T12 -> 0 | U11: =U15-U12 -> 0 | V11: =V15-V12 -> 0
K12: 496087196266 | L12: =+M15-L15 -> 0 | P12: 496087196266 | Q12: 4356738764 | R12: 4.8535278e+11 | S12: 4.1207137e+11 | T12: 2.6879058e+11 | U12: 2.6879058e+11 | V12: 2.6879058e+11
A13: IDENTIFICACIÓN PRESUPUESTAL | J13: NOMBRE DEL RUBRO | K13: APROPIACIÓN INICIAL | L13: TRASLADOS | N13: REDUCCIÓN | O13: ADICIÓN | P13: APROPIACIÓN VIGENTE | Q13: APROPIACIÓN BLOQUEADA . PREVIO CONCEPTO | R13: CDP ACUMULADOS | S13: COMPROMISO ACUMULADOS | T13: OBLIGACIÓN ACUMULADOS | U13: ORDEN PAGO ACUMULADOS | V13: PAGOS ACUMULADOS | W13: % EJECUCIÓN COMPROMISOS | X13: % EJECUCIÓN OBLGACIONES
A14: Tipo Presupuesto | B14: Cuenta / Programa | C14: Subcuenta / Subprograma | D14: Objeto / Proyecto | E14: Ordinal / Subproy | F14: SubOrdinal / Producto | G14: Rec | H14: FUENTE | I14: Situación | L14: CONTRACRÉDITO | M14: CRÉDITO
A15: A+B+C | J15: TOTAL PRESUPUESTO | K15: =K16+K75 -> 496087196266 | L15: =L16+L75 -> 1198855467 | M15: =M16+M75 -> 1198855467 | N15: =N16+N75 -> 0 | O15: =O16+O75 -> 0 | P15: =P16+P75 -> 496087196266 | Q15: =Q16+Q75 -> 4356738764 | R15: =R16+R75 -> 4.8535278e+11 | ... V15: =V16+V75 -> 2.6879058e+11 | W15: =S15/P15 -> 0.83064303 | X15: =T15/P15 -> 0.54182124
A16: A | J16: A- FUNCIONAMIENTO | K16: =K17+K38+K53+K66 -> 54194708762 | L16: =L17+L38+L53+L66 -> 1198855467 | M16: =M17+M38+M53+M66 -> 1198855467 | N16: =N17+N38+N53+N66 -> 0 | O16: =O17+O38+O53+O66 -> 0 | P16: =P17+P38+P53+P66 -> 54194708762 | Q16: =Q55 -> 4356738764 | R16: =R17+R38+R53+R66 -> 4.8960838e+10 | S16: =S17+S38+S53+S66 -> 2.5793663e+10 | T16: =T17+T38+T53+T66 -> 2.3072991e+10 | U16: =U17+U38+U53+U66 -> 2.3072991e+10 | V16: =V17+V38+V53+V66 -> 2.3072991e+10 | W16: =S16/P16 -> 0.4759443 | X16: =T16/P16 -> 0.42574251
A17: A | B17: 01 | J17: GASTOS DE PERSONAL | K17: =SUM(K18) -> 28744574000 | L17: =SUM(L18) -> 0 | M17: =SUM(M18) -> 0 | N17: =SUM(N18) -> 0 | O17: 0 | P17: =K17-L17+M17-N17+O17 -> 28744574000 | Q17: =SUM(Q18) -> 0 | R17: =SUM(R18) -> 28744574000 | S17: =SUM(S18) -> 14007052385 | T17: =SUM(T18) -> 14006878056 | U17: =SUM(U18) -> 14006878056 | V17: =SUM(V18) -> 14006878056 | W17: =S17/P17 -> 0.48729379 | X17: =T17/P17 -> 0.48728772
A18: A | B18: 01 | C18: 01 | J18: PLANTA DE PERSONAL PERMANENTE | K18: =K19+K21+K31 -> 28744574000 | L18: 0 | M18: 0 | N18: =N19+N21+N31 -> 0 | O18: 0 | P18: =P19+P21+P31 -> 28744574000 | Q18: =Q19+Q21+Q31 -> 0 | R18: =R19+R21+R31 -> 28744574000 | S18: =S19+S21+S31 -> 14007052385 | T18: =T19+T21+T31 -> 14006878056 | U18: =U19+U21+U31 -> 14006878056 | V18: =V19+V21+V31 -> 14006878056 | W18: =S18/P18 -> 0.48729379 | X18: =T18/P18 -> 0.48728772
A19: A | B19: 01 | C19: 01 | D19: 01 | J19: SALARIO | K19: =K20 -> 19941632825 | L19: 0 | M19: =M20 -> 0 | N19: =N20 -> 0 | O19: =+O20 -> 0 | P19: =K19-L19+M19-N19+O19 -> 19941632825 | Q19: =Q20 -> 0 | R19: =R20 -> 19941632825 | S19: =S20 -> 9154501724 | T19: =T20 -> 9154327395 | U19: =U20 -> 9154327395 | V19: =V20 -> 9154327395 | W19: =S19/P19 -> 0.4590648 | X19: =T19/P19 -> 0.45905606
A20: A | B20: 01 | C20: 01 | D20: 01 | E20: 001 | G20: 10 | H20: Nación | I20: CSF | J20: FACTORES SALARIALES COMUNES | K20: 19941632825 | L20: 0 | M20: 0 | N20: 0 | O20: 0 | P20: =K20-L20+M20-N20+O20 -> 19941632825 | R20: 19941632825 | S20: 9154501724 | T20: 9154327395 | U20: 9154327395 | V20: 9154327395 | W20: =S20/P20 -> 0.4590648 | X20: =T20/P20 -> 0.45905606
A21: A | B21: 01 | C21: 01 | D21: 02 | J21: CONTRIBUCIONES INHERENTES A LA NÓMINA | K21: =SUM(K22:K30) -> 6407003462 | L21: =SUM(L22:L30) -> 0 | M21: =SUM(M22:M30) -> 0 | N21: =SUM(N22:N30) -> 0 | O21: =SUM(O22:O30) -> 0 | P21: =K21-L21+M21-N21+O21 -> 6407003462 | Q21: =SUM(Q22:Q30) -> 0 | R21: =SUM(R22:R30) -> 6407003462 | S21: =SUM(S22:S30) -> 3437234765 | T21: =SUM(T22:T30) -> 3437234765 | U21: =SUM(U22:U30) -> 3437234765 | V21: =SUM(V22:V30) -> 3437234765 | W21: =S21/P21 -> 0.53648087 | X21: =T21/P21 -> 0.53648087
A22: A | B22: 01 | C22: 01 | D22: 02 | E22: 001 | G22: 10 | H22: Nación | I22: CSF | J22: APORTES A LA SEGURIDAD SOCIAL EN PENSIONES | K22: 1872943571 | L22: 0 | M22: 0 | N22: 0 | O22: 0 | P22: 1872943571 | Q22: 0 | R22: 1872943571 | S22: 1032386500 | T22: 1032386500 | U22: 1032386500 | V22: 1032386500 | W22: =S22/P22 -> 0.55121068 | X22: =T22/P22 -> 0.55121068
A23: A | B23: 01 | C23: 01 | D23: 02 | E23: 002 | G23: 10 | H23: Nación | I23: CSF | J23: APORTES A LA SEGURIDAD SOCIAL EN SALUD | K23: 1328590514 | L23: 0 | M23: 0 | N23: 0 | O23: 0 | P23: 1328590514 | Q23: 0 | R23: 1328590514 | S23: 738520400 | T23: 738520400 | U23: 738520400 | V23: 738520400 | W23: =S23/P23 -> 0.55586758 | X23: =T23/P23 -> 0.55586758
A24: A | B24: 01 | C24: 01 | D24: 02 | E24: 003 | G24: 10 | H24: Nación | I24: CSF | J24: AUXILIO DE CESANTÍAS | K24: 1493063827 | L24: 0 | M24: 0 | N24: 0 | O24: 0 | P24: 1493063827 | Q24: 0 | R24: 1493063827 | S24: 741352965 | T24: 741352965 | U24: 741352965 | V24: 741352965 | W24: =S24/P24 -> 0.49653133 | X24: =T24/P24 -> 0.49653133
A25: A | B25: 01 | C25: 01 | D25: 02 | E25: 004 | G25: 10 | H25: Nación | I25: CSF | J25: APORTES A CAJAS DE COMPENSACIÓN FAMILIAR | K25: 691974225 | L25: 0 | M25: 0 | N25: 0 | O25: 0 | P25: 691974225 | Q25: 0 | R25: 691974225 | S25: 387914900 | T25: 387914900 | U25: 387914900 | V25: 387914900 | W25: =S25/P25 -> 0.56059155 | X25: =T25/P25 -> 0.56059155
A26: A | B26: 01 | C26: 01 | D26: 02 | E26: 005 | G26: 10 | H26: Nación | I26: CSF | J26: APORTES GENERALES AL SISTEMA DE RIESGOS LABORALES | K26: 107025347 | L26: 0 | M26: 0 | N26: 0 | O26: 0 | P26: 107025347 | Q26: 0 | R26: 107025347 | S26: 52023500 | T26: 52023500 | U26: 52023500 | V26: 52023500 | W26: =S26/P26 -> 0.48608579 | X26: =T26/P26 -> 0.48608579
A27: A | B27: 01 | C27: 01 | D27: 02 | E27: 006 | G27: 10 | H27: Nación | I27: CSF | J27: APORTES AL ICBF | K27: 525900412 | L27: 0 | M27: 0 | N27: 0 | O27: 0 | P27: 525900412 | Q27: 0 | R27: 525900412 | S27: 290948000 | T27: 290948000 | U27: 290948000 | V27: 290948000 | W27: =S27/P27 -> 0.55323782 | X27: =T27/P27 -> 0.55323782
A28: A | B28: 01 | C28: 01 | D28: 02 | E28: 007 | G28: 10 | H28: Nación | I28: CSF | J28: APORTES AL SENA | K28: 101489553 | L28: 0 | M28: 0 | N28: 0 | O28: 0 | P28: 101489553 | Q28: 0 | R28: 101489553 | S28: 48535600 | T28: 48535600 | U28: 48535600 | V28: 48535600 | W28: =S28/P28 -> 0.47823247 | X28: =T28/P28 -> 0.47823247
A29: A | B29: 01 | C29: 01 | D29: 02 | E29: 008 | G29: 10 | H29: Nación | I29: CSF | J29: APORTES A LA ESAP | K29: 101489553 | L29: 0 | M29: 0 | N29: 0 | O29: 0 | P29: 101489553 | Q29: 0 | R29: 101489553 | S29: 48535600 | T29: 48535600 | U29: 48535600 | V29: 48535600 | W29: =S29/P29 -> 0.47823247 | X29: =T29/P29 -> 0.47823247
A30: A | B30: 01 | C30: 01 | D30: 02 | E30: 009 | G30: 10 | H30: Nación | I30: CSF | J30: APORTES A ESCUELAS INDUSTRIALES E INSTITUTOS TÉCNICOS | K30: 184526460 | L30: 0 | M30: 0 | N30: 0 | O30: 0 | P30: 184526460 | Q30: 0 | R30: 184526460 | S30: 97017300 | T30: 97017300 | U30: 97017300 | V30: 97017300 | W30: =S30/P30 -> 0.52576362 | X30: =T30/P30 -> 0.52576362
A31: A | B31: 01 | C31: 01 | D31: 03 | J31: REMUNERACIONES NO CONSTITUTIVAS DE FACTOR SALARIAL | K31: =SUM(K32:K37) -> 2395937713 | L31: =SUM(L32:L37) -> 0 | M31: =SUM(M32:M37) -> 0 | N31: =SUM(N32:N37) -> 0 | O31: 0 | P31: =K31-L31+M31-N31+O31 -> 2395937713 | Q31: =SUM(Q32:Q37) -> 0 | R31: =SUM(R32:R37) -> 2395937713 | S31: =SUM(S32:S37) -> 1415315896 | T31: =SUM(T32:T37) -> 1415315896 | U31: =SUM(U32:U37) -> 1415315896 | V31: =SUM(V32:V37) -> 1415315896 | W31: =S31/P31 -> 0.59071481 | X31: =T31/P31 -> 0.59071481
A32: A | B32: 01 | C32: 01 | D32: 03 | E32: 001 | G32: 10 | H32: Nación | I32: CSF | J32: PRESTACIONES SOCIALES SEGÚN DEFINICIÓN LEGAL | K32: 1191941261 | L32: 0 | M32: 0 | N32: 0 | O32: 0 | P32: =K32-L32+M32-N32+O32 -> 1191941261 | Q32: 0 | R32: 1191941261 | S32: 580955020 | T32: 580955020 | U32: 580955020 | V32: 580955020 | W32: =S32/P32 -> 0.48740239 | X32: =T32/P32 -> 0.48740239
A33: A | B33: 01 | C33: 01 | D33: 03 | E33: 002 | G33: 10 | H33: Nación | I33: CSF | J33: PRIMA TÉCNICA NO SALARIAL | K33: 275450117 | L33: 0 | M33: 0 | N33: 0 | O33: 0 | P33: =K33-L33+M33-N33+O33 -> 275450117 | Q33: 0 | R33: 275450117 | S33: 211645602 | T33: 211645602 | U33: 211645602 | V33: 211645602 | W33: =S33/P33 -> 0.76836272 | X33: =T33/P33 -> 0.76836272
A34: A | B34: 01 | C34: 01 | D34: 03 | E34: 005 | G34: 10 | H34: Nación | I34: CSF | J34: PRIMA DE RIESGO | K34: 18363341 | L34: 0 | M34: 0 | N34: 0 | O34: 0 | P34: =K34-L34+M34-N34+O34 -> 18363341 | Q34: 0 | R34: 18363341 | S34: 10303479 | T34: 10303479 | U34: 10303479 | V34: 10303479 | W34: =S34/P34 -> 0.56108956 | X34: =T34/P34 -> 0.56108956
A35: A | B35: 01 | C35: 01 | D35: 03 | E35: 007 | G35: 10 | H35: Nación | I35: CSF | J35: PRIMA DE DIRECCIÓN | K35: 71856552 | L35: 0 | M35: 0 | N35: 0 | O35: 0 | P35: =K35-L35+M35-N35+O35 -> 71856552 | Q35: 0 | R35: 71856552 | S35: 44309142 | T35: 44309142 | U35: 44309142 | V35: 44309142 | W35: =S35/P35 -> 0.61663329 | X35: =T35/P35 -> 0.61663329
A36: A | B36: 01 | C36: 01 | D36: 03 | E36: 016 | G36: 10 | H36: Nación | I36: CSF | J36: PRIMA DE COORDINACIÓN | K36: 423155252 | L36: 0 | M36: 0 | N36: 0 | O36: 0 | P36: =K36-L36+M36-N36+O36 -> 423155252 | Q36: 0 | R36: 423155252 | S36: 252692868 | T36: 252692868 | U36: 252692868 | V36: 252692868 | W36: =S36/P36 -> 0.59716349 | X36: =T36/P36 -> 0.59716349
A37: A | B37: 01 | C37: 01 | D37: 03 | E37: 030 | G37: 10 | H37: Nación | I37: CSF | J37: BONIFICACIÓN DE DIRECCIÓN | K37: 415171190 | L37: 0 | M37: 0 | N37: 0 | O37: 0 | P37: =K37-L37+M37-N37+O37 -> 415171190 | Q37: 0 | R37: 415171190 | S37: 315409785 | T37: 315409785 | U37: 315409785 | V37: 315409785 | W37: =S37/P37 -> 0.75971019 | X37: =T37/P37 -> 0.75971019
A38: A | B38: 02 | J38: ADQUISICIÓN DE BIENES Y SERVICIOS | K38: =K39+K41 -> 7967841118 | L38: =L39+L41 -> 1184543467 | M38: =M39+M41 -> 1184543467 | N38: =N41 -> 0 | O38: =O41 -> 0 | P38: =P39+P41 -> 7967841118 | Q38: =Q39+Q41 -> 0 | R38: =R39+R41 -> 7.7133428e+09 | S38: =S39+S41 -> 6.1797671e+09 | T38: =T39+T41 -> 3.472391e+09 | U38: =U39+U41 -> 3.472391e+09 | V38: =V39+V41 -> 3.472391e+09 | W38: =S38/P38 -> 0.77558864 | X38: =T38/P38 -> 0.43580073
A39: A | B39: 02 | C39: 01 | D39: 01 | J39: ACTIVOS FIJOS | K39: =K40 -> 1973833 | L39: =+L40 -> 0 | M39: =+M40 -> 241526167 | N39: =+N40 -> 0 | O39: =+O40 -> 0 | P39: =P40 -> 243500000 | Q39: =Q40 -> 0 | R39: =R40 -> 241500000 | S39: =S40 -> 165864282 | T39: =T40 -> 153380000 | U39: =U40 -> 153380000 | V39: =V40 -> 153380000 | W39: =S39/P39 -> 0.68116748 | X39: =T39/P39 -> 0.62989733
A40: A | B40: 02 | C40: 01 | D40: 01 | E40: 004 | G40: 10 | H40: Nación | I40: CSF | J40: MAQUINARIA Y EQUIPO | K40: 1973833 | L40: 0 | M40: =2526167+200000000+39000000 -> 241526167 | P40: =K40-L40+M40-N40+O40 -> 243500000 | Q40: 0 | R40: 241500000 | S40: 165864282 | T40: 153380000 | U40: 153380000 | V40: 153380000 | W40: =S40/P40 -> 0.68116748 | X40: =T40/P40 -> 0.62989733
A41: A | B41: 02 | C41: 02 | J41: ADQUISICIONES DIFERENTES DE ACTIVOS | K41: =K42+K47 -> 7965867285 | L41: =L42+L47 -> 1184543467 | M41: =M42+M47 -> 943017300 | N41: =N42+N47 -> 0 | O41: =O42+O47 -> 0 | P41: =K41-L41+M41-N41+O41 -> 7724341118 | Q41: =Q42+Q47 -> 0 | R41: =R42+R47 -> 7.4718428e+09 | S41: =S42+S47 -> 6.0139028e+09 | T41: =T42+T47 -> 3.319011e+09 | U41: =U42+U47 -> 3.319011e+09 | V41: =V42+V47 -> 3.319011e+09 | W41: =S41/P41 -> 0.77856515 | X41: =T41/P41 -> 0.42968209
A42: A | B42: 02 | C42: 02 | D42: 01 | J42: MATERIALES Y SUMINISTROS | K42: =SUM(K43:K46) -> 194500000 | L42: =SUM(L43:L46) -> 0 | M42: =SUM(M43:M46) -> 9900000 | N42: =SUM(N43:N46) -> 0 | O42: =SUM(O43:O46) -> 0 | P42: =SUM(P43:P46) -> 204400000 | Q42: =SUM(Q43:Q46) -> 0 | R42: =SUM(R43:R46) -> 177450000 | ... V42: =SUM(V43:V46) -> 29170707 | W42: =S42/P42 -> 0.37047558 | X42: =T42/P42 -> 0.14271383
A43: A | B43: 02 | C43: 02 | D43: 01 | E43: 001 | G43: 10 | H43: Nación | I43: CSF | J43: MINERALES; ELECTRICIDAD, GAS Y AGUA | K43: 1000000 | L43: 0 | M43: 0 | N43: 0 | O43: 0 | P43: =K43-L43+M43-N43+O43 -> 1000000 | Q43: 0 | R43: 250000 | S43: 250000 | T43: 250000 | U43: 250000 | V43: 250000 | W43: =S43/P43 -> 0.25 | X43: =T43/P43 -> 0.25
A44: A | B44: 02 | C44: 02 | D44: 01 | E44: 002 | G44: 10 | H44: Nación | I44: CSF | J44: PRODUCTOS ALIMENTICIOS, BEBIDAS Y TABACO; TEXTILES, PRENDAS DE VESTIR Y PRODUCTOS DE CUERO | K44: 14000000 | L44: 0 | M44: 0 | N44: 0 | O44: 0 | P44: =K44-L44+M44-N44+O44 -> 14000000 | Q44: 0 | R44: 14000000 | S44: 12275208 | T44: 0 | U44: 0 | V44: 0 | W44: =S44/P44 -> 0.87680057 | X44: =T44/P44 -> 0
A45: A | B45: 02 | C45: 02 | D45: 01 | E45: 003 | G45: 10 | H45: Nación | I45: CSF | J45: OTROS BIENES TRANSPORTABLES (EXCEPTO PRODUCTOS METÁLICOS, MAQUINARIA Y EQUIPO) | K45: 168500000 | L45: 0 | M45: =1000000+500000+300000+1100000+2000000 -> 4900000 | N45: 0 | O45: 0 | P45: =K45-L45+M45-N45+O45 -> 173400000 | Q45: 0 | R45: 160200000 | S45: 60200000 | T45: 25920707 | U45: 25920707 | V45: 25920707 | W45: =S45/P45 -> 0.34717416 | X45: =T45/P45 -> 0.14948505
A46: A | B46: 02 | C46: 02 | D46: 01 | E46: 004 | G46: 10 | H46: Nación | I46: CSF | J46: PRODUCTOS METÁLICOS Y PAQUETES DE SOFTWARE | K46: 11000000 | L46: 0 | M46: 5000000 | N46: 0 | O46: 0 | P46: =K46-L46+M46-N46+O46 -> 16000000 | Q46: 0 | R46: 3000000 | S46: 3000000 | T46: 3000000 | U46: 3000000 | V46: 3000000 | W46: =S46/P46 -> 0.1875 | X46: =T46/P46 -> 0.1875
A47: A | B47: 02 | C47: 02 | D47: 02 | J47: ADQUISICIÓN DE SERVICIOS | K47: =SUM(K48:K52) -> 7771367285 | L47: =SUM(L48:L52) -> 1184543467 | M47: =SUM(M48:M52) -> 933117300 | N47: =SUM(N48:N52) -> 0 | O47: =SUM(O48:O52) -> 0 | P47: =SUM(P48:P52) -> 7519941118 | Q47: =SUM(Q48:Q52) -> 0 | R47: =SUM(R48:R52) -> 7.2943928e+09 | ... V47: =SUM(V48:V52) -> 3.2898403e+09 | W47: =S47/P47 -> 0.78965746 | X47: =T47/P47 -> 0.43748219
A48: A | B48: 02 | C48: 02 | D48: 02 | E48: 006 | G48: 10 | H48: Nación | I48: CSF | J48: COMERCIO Y DISTRIBUCIÓN; ALOJAMIENTO; SERVICIOS DE SUMINISTRO DE COMIDAS Y BEBIDAS; SERVICIOS DE TRANSPORTE; Y SERVICIOS DE DISTRIBUCIÓN DE ELECTRICIDAD, GAS Y AGUA | K48: 773203000 | L48: 170203000 | M48: =7500000+15000000+1000000 -> 23500000 | N48: 0 | O48: 0 | P48: =K48-L48+M48-N48+O48 -> 626500000 | Q48: 0 | R48: 606000000 | S48: 3.9381506e+08 | T48: 3.5187323e+08 | U48: 3.5187323e+08 | V48: 3.5187323e+08 | W48: =S48/P48 -> 0.62859547 | X48: =T48/P48 -> 0.56164921
A49: A | B49: 02 | C49: 02 | D49: 02 | E49: 007 | G49: 10 | H49: Nación | I49: CSF | J49: SERVICIOS FINANCIEROS Y SERVICIOS CONEXOS, SERVICIOS INMOBILIARIOS Y SERVICIOS DE LEASING | K49: 545000000 | L49: =250000000+200000000+60400000 -> 510400000 | M49: 0 | N49: 0 | O49: 0 | P49: =K49-L49+M49-N49+O49 -> 34600000 | Q49: 0 | R49: 7560000 | S49: 2500000 | T49: 934500 | U49: 934500 | V49: 934500 | W49: =S49/P49 -> 0.072254335 | X49: =T49/P49 -> 0.027008671
A50: A | B50: 02 | C50: 02 | D50: 02 | E50: 008 | G50: 10 | H50: Nación | I50: CSF | J50: SERVICIOS PRESTADOS A LAS EMPRESAS Y SERVICIOS DE PRODUCCIÓN. | K50: 4468164285 | L50: =302500000+23150000+178290467 -> 503940467 | M50: =250000000+405203000+1500000+1500000 -> 658203000 | N50: 0 | O50: 0 | P50: =K50-L50+M50-N50+O50 -> 4622426818 | Q50: 0 | R50: 4.4444185e+09 | S50: 4.2998244e+09 | T50: 2.7607898e+09 | U50: 2.7607898e+09 | V50: 2.7607898e+09 | W50: =S50/P50 -> 0.9302093 | X50: =T50/P50 -> 0.59725982
A51: A | B51: 02 | C51: 02 | D51: 02 | E51: 009 | G51: 10 | H51: Nación | I51: CSF | J51: SERVICIOS PARA LA COMUNIDAD, SOCIALES Y PERSONALES | K51: 1870000000 | L51: 0 | M51: =60000000+191414300 -> 251414300 | N51: 0 | O51: 0 | P51: =K51-L51+M51-N51+O51 -> 2121414300 | Q51: 0 | R51: 2121414300 | S51: 1.1717745e+09 | T51: 1.255672e+08 | U51: 1.255672e+08 | V51: 1.255672e+08 | W51: =S51/P51 -> 0.55235535 | X51: =T51/P51 -> 0.059190324
A52: A | B52: 02 | C52: 02 | D52: 02 | E52: 010 | G52: 10 | H52: Nación | I52: CSF | J52: VIÁTICOS DE LOS FUNCIONARIOS EN COMISIÓN | K52: 115000000 | L52: 0 | M52: 0 | N52: 0 | O52: 0 | P52: =K52-L52+M52-N52+O52 -> 115000000 | Q52: 0 | R52: 115000000 | S52: 70263588 | T52: 50675558 | U52: 50675558 | V52: 50675558 | W52: 0 | X52: =T52/P52 -> 0.44065703
A53: A | B53: 03 | J53: TRANSFERENCIAS CORRIENTES | K53: =K54+K59+K64 -> 16404043644 | L53: =L54+L59+L64 -> 0 | M53: =M54+M59+M64 -> 0 | N53: =N54+N59+N64 -> 0 | O53: =O54+O59+O64 -> 0 | P53: =P54+P59+P64 -> 16404043644 | Q53: =Q54+Q59+Q64 -> 4356738764 | R53: =R54+R59+R64 -> 1.147686e+10 | ... V53: =V54+V59+V64 -> 5.5923312e+09 | W53: =S53/P53 -> 0.34171163 | X53: =T53/P53 -> 0.34091175
A54: A | B54: 03 | C54: 03 | J54: A ENTIDADES DEL GOBIERNO | K54: =K55+K57 -> 13998482764 | L54: =L57 -> 0 | M54: =M57 -> 0 | N54: =N57 -> 0 | O54: =O57 -> 0 | P54: =P55+P57 -> 13998482764 | Q54: =Q55 -> 4356738764 | R54: =R57 -> 9641744000 | S54: =S57 -> 4820871996 | T54: =T57 -> 4820871996 | U54: =U57 -> 4820871996 | V54: =V57 -> 4820871996 | W54: =S54/P54 -> 0.34438532 | X54: =T54/P54 -> 0.34438532
A55: A | B55: 03 | C55: 03 | D55: 01 | J55: A ÓRGANOS DEL PGN | K55: =K56 -> 4356738764 | L55: 0 | M55: 0 | O55: 0 | P55: =P56 -> 4356738764 | Q55: =Q56 -> 4356738764 | R55: 0 | S55: 0 | T55: 0 | U55: 0 | V55: 0 | W55: =S55/P54 -> 0 | X55: =T55/P55 -> 0
A56: A | B56: 03 | C56: 03 | D56: 01 | E56: 999 | G56: 10 | H56: Nación | I56: CSF | J56: OTRAS TRANSFERENCIAS - DISTRIBUCIÓN PREVIO CONCEPTO DGPPN | K56: 4356738764 | L56: 0 | M56: 0 | N56: 0 | O56: 0 | P56: =K56-L56+M56-N56+O56 -> 4356738764 | Q56: 4356738764 | R56: 0 | S56: 0 | T56: 0 | U56: 0 | V56: 0 | W56: =S56/P56 -> 0 | X56: =T56/P56 -> 0
A57: A | B57: 03 | C57: 03 | D57: 04 | J57: A OTRAS ENTIDADES DEL GOBIERNO GENERAL | K57: =SUM(K58) -> 9641744000 | L57: =SUM(L58) -> 0 | M57: =SUM(M58) -> 0 | N57: =SUM(N58) -> 0 | O57: =SUM(O58) -> 0 | P57: =SUM(P58) -> 9641744000 | Q57: =SUM(Q58) -> 0 | R57: =SUM(R58) -> 9641744000 | ... V57: =SUM(V58) -> 4820871996 | W57: =S57/P57 -> 0.5 | X57: =T57/P57 -> 0.5
A58: A | B58: 03 | C58: 03 | D58: 04 | E58: 048 | G58: 10 | H58: Nación | I58: CSF | J58: ESCUELA NACIONAL DEL DEPORTE - ART. 51 DECRETO 2845 DE 1984 | K58: 9641744000 | L58: 0 | P58: =K58-L58+M58-N58+O58 -> 9641744000 | Q58: 0 | R58: 9641744000 | S58: 4820871996 | T58: 4820871996 | U58: 4820871996 | V58: 4820871996 | W58: =S58/P58 -> 0.5 | X58: =T58/P58 -> 0.5
A59: A | B59: 03 | C59: 04 | J59: PRESTACIONES SOCIALES | K59: =K60 -> 1825553000 | L59: =L60 -> 0 | M59: =M60 -> 0 | N59: =N60 -> 0 | O59: =O60 -> 0 | P59: =P60 -> 1825553000 | Q59: =Q60 -> 0 | R59: =R60 -> 1825553000 | ... V59: =V60 -> 761896398 | W59: =S59/P59 -> 0.42453858 | X59: =T59/P59 -> 0.41735102
A60: A | B60: 03 | C60: 04 | D60: 02 | J60: PRESTACIONES SOCIALES RELACIONADAS CON EL EMPLEO | K60: =SUM(K61:K63) -> 1825553000 | L60: =SUM(L61:L63) -> 0 | M60: =SUM(M61:M63) -> 0 | N60: =SUM(N61:N63) -> 0 | O60: =SUM(O61:O63) -> 0 | P60: =SUM(P61:P63) -> 1825553000 | Q60: =SUM(Q61:Q63) -> 0 | R60: =SUM(R61:R63) -> 1825553000 | ... V60: =SUM(V61:V63) -> 761896398 | W60: =S60/P60 -> 0.42453858 | X60: =T60/P60 -> 0.41735102
A61: A | B61: 03 | C61: 04 | D61: 02 | E61: 001 | G61: 10 | H61: Nación | I61: CSF | J61: MESADAS PENSIONALES (DE PENSIONES) | K61: 564784000 | L61: 0 | M61: 0 | N61: 0 | O61: 0 | P61: =K61-L61+M61-N61+O61 -> 564784000 | Q61: 0 | R61: 564784000 | S61: 237653603 | T61: 237653603 | U61: 237653603 | V61: 237653603 | W61: =S61/P61 -> 0.42078671 | X61: =T61/P61 -> 0.42078671
A62: A | B62: 03 | C62: 04 | D62: 02 | E62: 002 | G62: 10 | H62: Nación | I62: CSF | J62: CUOTAS PARTES PENSIONALES (DE PENSIONES) | K62: 1195520000 | L62: 0 | M62: 0 | N62: 0 | O62: 0 | P62: =K62-L62+M62-N62+O62 -> 1195520000 | Q62: 0 | R62: 1195520000 | S62: 498166533 | T62: 498166533 | U62: 498166533 | V62: 498166533 | W62: =S62/P62 -> 0.41669444 | X62: =T62/P62 -> 0.41669444
A63: A | B63: 03 | C63: 04 | D63: 02 | E63: 012 | G63: 10 | H63: Nación | I63: CSF | J63: INCAPACIDADES Y LICENCIAS DE MATERNIDAD Y PATERNIDAD (NO DE PENSIONES) | K63: 65249000 | L63: 0 | M63: 0 | N63: 0 | O63: 0 | P63: =K63-L63+M63-N63+O63 -> 65249000 | Q63: 0 | R63: 65249000 | S63: 39197536 | T63: 26076262 | U63: 26076262 | V63: 26076262 | W63: =S63/P63 -> 0.60073773 | X63: =T63/P63 -> 0.39964232
A64: A | B64: 03 | C64: 10 | J64: SENTENCIAS Y CONCILIACIONES | K64: =+K65 -> 580007880 | L64: =+L65 -> 0 | M64: =+M65 -> 0 | N64: =+N65 -> 0 | O64: =+O65 -> 0 | P64: =+P65 -> 580007880 | Q64: =+Q65 -> 0 | R64: =+R65 -> 9562780.7 | ... V64: =+V65 -> 9562780.7 | W64: =S64/P64 -> 0.016487329 | X64: =T64/P64 -> 0.016487329
A65: A | B65: 03 | C65: 10 | D65: 01 | E65: 001 | J65: SENTENCIAS | K65: 580007880 | L65: 0 | M65: 0 | N65: 0 | O65: 0 | P65: =K65-L65+M65-N65+O65 -> 580007880 | Q65: 0 | R65: 9562780.7 | S65: 9562780.7 | T65: 9562780.7 | U65: 9562780.7 | V65: 9562780.7 | W65: =S65/P65 -> 0.016487329 | X65: =T65/P65 -> 0.016487329
A66: A | B66: 08 | J66: GASTOS POR TRIBUTOS, MULTAS, SANCIONES E INTERESES DE MORA | K66: =K67+K70+K71+K73 -> 1078250000 | L66: =L67+L70+L71+L73 -> 14312000 | M66: =M67+M70+M71+M73 -> 14312000 | N66: =N67+N70+N71+N73 -> 0 | O66: =O67+O70+O71+O73 -> 0 | P66: =P67+P70+P71 -> 1078250000 | Q66: =Q67+Q70+Q71+Q73 -> 0 | R66: =R67+R70+R71+R73 -> 1026061000 | S66: =S67+S70+S71 -> 1391000 | T66: =T67+T70+T71 -> 1391000 | U66: =U67+U70+U71 -> 1391000 | V66: =V67+V70+V71 -> 1391000 | W66: =S66/P66 -> 0.0012900533 | X66: =T66/P66 -> 0.0012900533
A67: A | B67: 08 | C67: 01 | J67: IMPUESTOS | K67: =K68 -> 41877000 | L67: =L68 -> 0 | M67: =M68 -> 0 | N67: =N68 -> 0 | O67: =O68 -> 0 | P67: =P68 -> 41877000 | Q67: =Q68 -> 0 | R67: =R68 -> 4000000 | ... V67: =V68 -> 1391000 | W67: =S67/P67 -> 0.033216324 | X67: =T67/P67 -> 0.033216324
A68: A | B68: 08 | C68: 01 | D68: 02 | J68: IMPUESTOS TERRITORIALES | K68: =K69 -> 41877000 | L68: =L69 -> 0 | M68: =M69 -> 0 | N68: =N69 -> 0 | O68: =O69 -> 0 | P68: =P69 -> 41877000 | Q68: =Q69 -> 0 | R68: =R69 -> 4000000 | ... V68: =V69 -> 1391000 | W68: =S68/P68 -> 0.033216324 | X68: =T68/P68 -> 0.033216324
A69: A | B69: 08 | C69: 01 | D69: 02 | E69: 006 | G69: 10 | H69: Nación | I69: CSF | J69: IMPUESTO SOBRE VEHÍCULOS AUTOMOTORES | K69: 41877000 | L69: 0 | M69: 0 | N69: 0 | O69: 0 | P69: =K69-L69+M69-N69+O69 -> 41877000 | Q69: 0 | R69: 4000000 | S69: 1391000 | T69: 1391000 | U69: 1391000 | V69: 1391000 | W69: =S69/P69 -> 0.033216324 | X69: =T69/P69 -> 0.033216324
A70: A | B70: 08 | C70: 03 | G70: 10 | H70: Nación | I70: CSF | J70: TASAS Y DERECHOS ADMINISTRATIVOS | K70: 14312000 | L70: 14312000 | M70: 14312000 | N70: 0 | O70: 0 | P70: =K70-L70+M70-N70+O70 -> 14312000 | Q70: 0 | R70: 0 | S70: 0 | T70: 0 | U70: 0 | V70: 0 | W70: 0 | X70: 0
A71: A | B71: 08 | C71: 04 | J71: CONTRIBUCIONES | K71: =K72 -> 1022061000 | L71: =L72 -> 0 | M71: =M72 -> 0 | N71: =N72 -> 0 | O71: =O72 -> 0 | P71: =P72 -> 1022061000 | Q71: =Q72 -> 0 | R71: =R72 -> 1022061000 | ... V71: =V72 -> 0 | W71: =S71/P71 -> 0 | X71: =T71/P71 -> 0
A72: A | B72: 08 | C72: 04 | D72: 01 | G72: 11 | H72: Nación | I72: SSF | J72: CUOTA DE FISCALIZACIÓN Y AUDITAJE | K72: 1022061000 | L72: 0 | M72: 0 | N72: 0 | O72: 0 | P72: =K72-L72+M72-N72+O72 -> 1022061000 | Q72: 0 | R72: 1022061000 | S72: 0 | T72: 0 | U72: 0 | V72: 0 | W72: 0 | X72: =T72/P72 -> 0
A75: C | J75: C- INVERSIÓN | K75: =K76+K89+K117 -> 441892487504 | L75: =L76+L89+L117 -> 0 | M75: =M76+M89+M117 -> 0 | N75: =N76+N89+N117 -> 0 | O75: =O76+O89+O117 -> 0 | P75: =P76+P89+P117 -> 441892487504 | Q75: =Q76+Q89+Q117 -> 0 | R75: =R76+R89+R117 -> 4.3639194e+11 | ... V75: =V76+V89+V117 -> 2.4571759e+11 | W75: =S75/P75 -> 0.87414409 | X75: =T75/P75 -> 0.5560574
A76: C | B76: 4301 | H76: Nación | I76: CSF | J76: FOMENTO A LA RECREACIÓN, LA ACTIVIDAD FÍSICA Y EL DEPORTE PARA DESARROLLAR ENTORNOS DE CONVIVENCIA Y PAZ | K76: =K77 -> 137500000000 | L76: =L77 -> 0 | M76: =M77 -> 0 | N76: =N77 -> 0 | O76: =O77 -> 0 | P76: =P77 -> 137500000000 | Q76: =Q77 -> 0 | R76: =R77 -> 137133546664 | ... V76: =V77 -> 103845090266 | W76: =S76/P76 -> 0.8782107 | X76: =T76/P76 -> 0.75523702
A77: C | B77: 4301 | C77: 1604 | J77: RECREACIÓN Y DEPORTE | K77: =K78+K84 -> 137500000000 | L77: =L78+L84 -> 0 | M77: =M78+M84 -> 0 | N77: =N78+N84 -> 0 | O77: =O78+O84 -> 0 | P77: =P78+P84 -> 137500000000 | Q77: =Q78+Q84 -> 0 | R77: =R78+R84 -> 137133546664 | ... V77: =V78+V84 -> 103845090266 | W77: =S77/P77 -> 0.8782107 | X77: =T77/P77 -> 0.75523702
A78: C | B78: 4301 | C78: 1604 | D78: 13 | J78: FORTALECIMIENTO FORTALECIMIENTO DEL DEPORTE Y LA EDUCACION FISICA DE LOS NINOS, NINAS Y ADOLESCENTES EN ETAPA ESCOLAR NACIONAL | K78: =K79+K82 -> 115000000000 | L78: =L79 -> 0 | M78: =M79 -> 0 | N78: =N79 -> 0 | O78: =O79 -> 0 | P78: =K78-L78+M78-N78+O78 -> 115000000000 | Q78: =Q79 -> 0 | R78: =R79+R82 -> 114883546664 | S78: =S79+S82 -> 114528290255 | T78: =T79+T82 -> 1.0088477e+11 | U78: =U79+U82 -> 1.0088477e+11 | V78: =V79+V82 -> 1.0088477e+11 | W78: =S78/P78 -> 0.99589818 | X78: =T78/P78 -> 0.8772589
A79: C | B79: 4301 | C79: 1604 | D79: 13 | E79: 20203B | G79: 10 | H79: Nación | I79: CSF | J79: 2. SEGURIDAD HUMANA Y JUSTICIA SOCIAL / B. RESIGNIFICACIÓN DE LA JORNADA ESCOLAR: MÁS QUE TIEMPO | K79: =K80+K81 -> 104712654000 | L79: =L80+L81+L82 -> 0 | M79: =M80+M81+M82 -> 0 | N79: =N80+N81+N82 -> 0 | O79: =O80+O81+O82 -> 0 | P79: =K79-L79+M79-N79+O79 -> 104712654000 | Q79: =Q80+Q81+Q82 -> 0 | R79: =R80+R81 -> 104712654000 | S79: =S80+S81 -> 104372009918 | T79: =T80+T81 -> 93787303442 | U79: =U80+U81 -> 93787303442 | V79: =V80+V81 -> 93787303442 | W79: =S79/P79 -> 0.99674687 | X79: =T79/P79 -> 0.89566351
A80: C | B80: 4301 | C80: 1604 | D80: 13 | E80: 20203B | F80: 4301001 | G80: 10 | H80: Nación | I80: CSF | J80: SERVICIO DE APOYO A LA ACTIVIDAD FÍSICA, LA RECREACIÓN Y EL DEPORTE | K80: 70000000000 | L80: 0 | M80: 0 | N80: 0 | O80: 0 | P80: =K80-L80+M80-N80+O80 -> 70000000000 | Q80: 0 | R80: 70000000000 | S80: 69659355918 | T80: 59074649442 | U80: 59074649442 | V80: 59074649442 | W80: =S80/P80 -> 0.99513366 | X80: =T80/P80 -> 0.84392356
A81: C | B81: 4301 | C81: 1604 | D81: 13 | E81: 20203B | F81: 4301007 | G81: 10 | H81: Nación | I81: CSF | J81: SERVICIO DE ESCUELAS DEPORTIVAS | K81: 34712654000 | L81: 0 | M81: 0 | N81: 0 | O81: 0 | P81: =K81-L81+M81-N81+O81 -> 34712654000 | Q81: 0 | R81: 34712654000 | S81: 34712654000 | T81: 34712654000 | U81: 34712654000 | V81: 34712654000 | W81: =S81/P81 -> 1 | X81: =T81/P81 -> 1
A82: C | B82: 4301 | C82: 1604 | D82: 13 | E82: 20203B | G82: 11 | H82: Nación | I82: CSF | J82: 2. SEGURIDAD HUMANA Y JUSTICIA SOCIAL / B. RESIGNIFICACIÓN DE LA JORNADA ESCOLAR: MÁS QUE TIEMPO | K82: =K83 -> 10287346000 | L82: =L84+L85+L86 -> 0 | M82: =M84+M85+M86 -> 0 | N82: =N84+N85+N86 -> 0 | O82: =O84+O85+O86 -> 0 | P82: =K82-L82+M82-N82+O82 -> 10287346000 | Q82: =Q84+Q85+Q86 -> 0 | R82: =R83 -> 10170892664 | S82: =S83 -> 10156280337 | T82: =T83 -> 7.0974696e+09 | U82: =U83 -> 7.0974696e+09 | V82: =V83 -> 7.0974696e+09 | W82: =S82/P82 -> 0.98725953 | X82: =T82/P82 -> 0.68992232
A83: C | B83: 4301 | C83: 1604 | D83: 13 | E83: 20203B | F83: 4301007 | G83: 11 | H83: Nación | I83: CSF | J83: SERVICIO DE ESCUELAS DEPORTIVAS | K83: 10287346000 | L83: 0 | M83: 0 | N83: 0 | O83: 0 | P83: =K83-L83+M83-N83+O83 -> 10287346000 | Q83: 0 | R83: 10170892664 | S83: 10156280337 | T83: 7.0974696e+09 | U83: 7.0974696e+09 | V83: 7.0974696e+09 | W83: =S83/P83 -> 0.98725953 | X83: =T83/P83 -> 0.68992232
A84: C | B84: 4301 | C84: 1604 | D84: 14 | J84: FORTALECIMIENTO FOMENTO Y PROMOCION DE LA PRACTICA DEPORTIVA, RECREATIVA Y DE ACTIVIDAD FISICA EN COLOMBIA NACIONAL | K84: =K85 -> 22500000000 | L84: =L85 -> 0 | M84: =M85 -> 0 | N84: =N85 -> 0 | O84: =O85 -> 0 | P84: =P85 -> 22500000000 | Q84: =Q85 -> 0 | R84: =R85 -> 22250000000 | ... V84: =V85 -> 2.9603172e+09 | W84: =S84/P84 -> 0.27669696 | X84: =T84/P84 -> 0.13156965
A85: C | B85: 4301 | C85: 1604 | D85: 14 | E85: 20303A | G85: 10 | H85: Nación | I85: CSF | J85: 2. SEGURIDAD HUMANA Y JUSTICIA SOCIAL / A. DEMOCRATIZAR EL ACCESO DE LA POBLACIÓN AL DEPORTE, LA RECREACIÓN Y LA ACTIVIDAD FÍSICA | K85: =K86+K87+K88 -> 22500000000 | L85: =L86+L87+L88 -> 0 | M85: =M86+M87+M88 -> 0 | N85: =N86+N87+N88 -> 0 | O85: =O86+O87+O88 -> 0 | P85: =K85-L85+M85-N85+O85 -> 22500000000 | Q85: =Q86+Q87+Q88 -> 0 | R85: =R86+R87+R88 -> 22250000000 | S85: =S86+S87+S88 -> 6225681572 | T85: =T86+T87+T88 -> 2.9603172e+09 | U85: =U86+U87+U88 -> 2.9603172e+09 | V85: =V86+V87+V88 -> 2.9603172e+09 | W85: =S85/P85 -> 0.27669696 | X85: =T85/P85 -> 0.13156965
A86: C | B86: 4301 | C86: 1604 | D86: 14 | E86: 20303A | F86: 4301006 | G86: 10 | H86: Nación | I86: CSF | J86: DOCUMENTOS NORMATIVOS | K86: 505804000 | L86: 0 | M86: 0 | N86: 0 | O86: 0 | P86: =K86-L86+M86-N86+O86 -> 505804000 | Q86: 0 | R86: 505804000 | S86: 381600000 | T86: 191773333 | U86: 191773333 | V86: 191773333 | W86: =S86/P86 -> 0.75444243 | X86: =T86/P86 -> 0.37914554
A87: C | B87: 4301 | C87: 1604 | D87: 14 | E87: 20303A | F87: 4301035 | G87: 10 | H87: Nación | I87: CSF | J87: SERVICIO DE EDUCACIÓN INFORMAL EN RECREACIÓN | K87: 1092305868 | L87: 0 | M87: 0 | N87: 0 | O87: 0 | P87: =K87-L87+M87-N87+O87 -> 1092305868 | Q87: 0 | R87: 1092305868 | S87: 202400000 | T87: 98716667 | U87: 98716667 | V87: 98716667 | W87: =S87/P87 -> 0.18529608 | X87: =T87/P87 -> 0.090374564
A88: C | B88: 4301 | C88: 1604 | D88: 14 | E88: 20303A | F88: 4301037 | G88: 10 | H88: Nación | I88: CSF | J88: SERVICIO DE PROMOCIÓN DE LA ACTIVIDAD FÍSICA, LA RECREACIÓN Y EL DEPORTE | K88: 20901890132 | L88: 0 | M88: 0 | N88: 0 | O88: 0 | P88: =K88-L88+M88-N88+O88 -> 20901890132 | Q88: 0 | R88: 20651890132 | S88: 5641681572 | T88: 2.6698272e+09 | U88: 2.6698272e+09 | V88: 2.6698272e+09 | W88: =S88/P88 -> 0.26991251 | X88: =T88/P88 -> 0.12773138
A89: C | B89: 4302 | J89: FORMACIÓN Y PREPARACIÓN DE DEPORTISTAS | K89: =K90 -> 281803487504 | L89: =L90 -> 0 | M89: =M90 -> 0 | N89: =N90 -> 0 | O89: =O90 -> 0 | P89: =P90 -> 281803487504 | Q89: =Q90 -> 0 | R89: =R90 -> 277326793948 | ... V89: =V90 -> 1.3601696e+11 | W89: =S89/P89 -> 0.88197978 | X89: =T89/P89 -> 0.48266599
A90: C | B90: 4302 | C90: 1604 | G90: 10 | H90: Nación | I90: CSF | J90: RECREACIÓN Y DEPORTE | K90: =K91+K94+K97+K101+K108+K111+K114 -> 281803487504 | L90: =L94+L97+L101+L108+L111+L114 -> 0 | M90: =M94+M97+M101+M108+M111+M114 -> 0 | N90: =N94+N97+N101+N108+N111+N114 -> 0 | O90: =O94+O97+O101+O108+O111+O114 -> 0 | P90: =P91+P94+P97+P101+P108+P111+P114 -> 281803487504 | Q90: =Q94+Q97+Q101+Q108+Q111+Q114 -> 0 | R90: =R91+R94+R97+R101+R108+R111+R114 -> 277326793948 | S90: =S91+S94+S97+S101+S108+S111+S114 -> 2.4854498e+11 | T90: =T91+T94+T97+T101+T108+T111+T114 -> 1.3601696e+11 | U90: =U91+U94+U97+U101+U108+U111+U114 -> 1.3601696e+11 | V90: =V91+V94+V97+V101+V108+V111+V114 -> 1.3601696e+11 | W90: =S90/P90 -> 0.88197978 | X90: =T90/P90 -> 0.48266599
A91: C | B91: 4302 | C91: 1604 | D91: 20 | J91: DESARROLLO DE POLÍTICAS PÚBLICAS E INVESTIGACIÓN SECTORIAL A NIVEL NACIONAL | K91: =K92 -> 2000000000 | L91: =L92 -> 0 | M91: =M92 -> 0 | N91: =N92 -> 0 | O91: =O92 -> 0 | P91: =P93 -> 2000000000 | Q91: =Q92 -> 0 | R91: =R92 -> 1858943000 | S91: =S92 -> 1845526964 | T91: =T92 -> 812955301 | U91: =U92 -> 812955301 | V91: =V92 -> 812955301 | W91: =S91/P91 -> 0.92276348 | X91: =T91/P91 -> 0.40647765
A92: C | B92: 4302 | C92: 1604 | D92: 20 | E92: 20303D | G92: 10 | H92: Nación | I92: CSF | J92: 2. SEGURIDAD HUMANA/D. SISTEMA DE INFORMACIÓN DEL DEPORTE, LA RECREACIÓN Y LA ACTIVIDAD FÍSICA | K92: =K93 -> 2000000000 | L92: =L93 -> 0 | M92: =M93 -> 0 | N92: =N93 -> 0 | O92: =O93 -> 0 | P92: =K92-L92+M92-N92+O92 -> 2000000000 | Q92: =Q93 -> 0 | R92: =R93 -> 1858943000 | S92: =S93 -> 1845526964 | T92: =T93 -> 812955301 | U92: =U93 -> 812955301 | V92: =V93 -> 812955301 | W92: =S92/P92 -> 0.92276348 | X92: =T92/P92 -> 0.40647765
A93: C | B93: 4302 | C93: 1604 | D93: 20 | E93: 20303D | F93: 4302009 | G93: 10 | H93: Nación | I93: CSF | J93: DOCUMENTOS DE LINEAMIENTOS TÉCNICOS | K93: 2000000000 | L93: 0 | M93: 0 | N93: 0 | O93: 0 | P93: =K93-L93+M93-N93+O93 -> 2000000000 | Q93: 0 | R93: 1858943000 | S93: 1845526964 | T93: 812955301 | U93: 812955301 | V93: 812955301 | W93: =S93/P93 -> 0.92276348 | X93: =T93/P93 -> 0.40647765
A94: C | B94: 4302 | C94: 1604 | D94: 23 | J94: APOYO A LA INSPECCIÓN, VIGILANCIA Y CONTROL A NIVEL NACIONAL | K94: =K95 -> 2975000000 | L94: 0 | M94: 0 | N94: 0 | O94: 0 | P94: =SUM(P96:P96) -> 2975000000 | Q94: =Q95 -> 0 | R94: =R95 -> 2904694480 | S94: =S95 -> 2794601186 | T94: =T95 -> 1.2626062e+09 | U94: =U95 -> 1.2626062e+09 | V94: =V95 -> 1.2626062e+09 | W94: =S94/P94 -> 0.93936174 | X94: =T94/P94 -> 0.42440546
A95: C | B95: 4302 | C95: 1604 | D95: 23 | E95: 20303A | G95: 10 | H95: Nación | I95: CSF | J95: 2. SEGURIDAD HUMANA Y JUSTICIA SOCIAL / A. DEMOCRATIZAR EL ACCESO DE LA POBLACIÓN AL DEPORTE, LA RECREACIÓN Y LA ACTIVIDAD FÍSICA | K95: =K96 -> 2975000000 | L95: =L96 -> 0 | M95: =M96 -> 0 | N95: =N96 -> 0 | O95: =O96 -> 0 | P95: =K95-L95+M95-N95+O95 -> 2975000000 | Q95: =Q96 -> 0 | R95: =R96 -> 2904694480 | S95: =S96 -> 2794601186 | T95: =T96 -> 1.2626062e+09 | U95: =U96 -> 1.2626062e+09 | V95: =V96 -> 1.2626062e+09 | W95: =S95/P95 -> 0.93936174 | X95: =T95/P95 -> 0.42440546
A96: C | B96: 4302 | C96: 1604 | D96: 23 | E96: 20303A | F96: 4302076 | G96: 10 | H96: Nación | I96: CSF | J96: SERVICIO DE INSPECCIÓN, VIGILANCIA Y CONTROL AL SISTEMA NACIONAL DEL DEPORTE | K96: 2975000000 | L96: 0 | M96: 0 | N96: 0 | O96: 0 | P96: =K96-L96+M96-N96+O96 -> 2975000000 | Q96: 0 | R96: 2904694480 | S96: 2794601186 | T96: 1.2626062e+09 | U96: 1.2626062e+09 | V96: 1.2626062e+09 | W96: =S96/P96 -> 0.93936174 | X96: =T96/P96 -> 0.42440546
A97: C | B97: 4302 | C97: 1604 | D97: 24 | J97: APOYO AL PROGRAMA AL CONTROL DOPAJE NACIONAL | K97: =K98 -> 2600000000 | L97: =L98 -> 0 | M97: =M98 -> 0 | N97: =N98 -> 0 | O97: =O98 -> 0 | P97: =SUM(P99:P100) -> 2600000000 | Q97: =Q98 -> 0 | R97: =R98 -> 2560000000 | S97: =S98 -> 1.145243e+09 | T97: =T98 -> 8.6020747e+08 | U97: =U98 -> 8.6020747e+08 | V97: =V98 -> 8.6020747e+08 | W97: =S97/P97 -> 0.44047809 | X97: =T97/P97 -> 0.33084903
A98: C | B98: 4302 | C98: 1604 | D98: 24 | E98: 20303E | G98: 10 | H98: Nación | I98: CSF | J98: 2. SEGURIDAD HUMANA Y JUSTICIA SOCIAL / E. ATLETAS Y PARATLETAS COMO EMBAJADORES DE PAZ EN EL MUNDO | K98: =K99+K100 -> 2600000000 | L98: =L99+L100 -> 0 | M98: =M99+M100 -> 0 | N98: =N99+N100 -> 0 | O98: =O99+O100 -> 0 | P98: =K98-L98+M98-N98+O98 -> 2600000000 | Q98: =Q99+Q100 -> 0 | R98: =R99+R100 -> 2560000000 | S98: =S99+S100 -> 1.145243e+09 | T98: =T99+T100 -> 8.6020747e+08 | U98: =U99+U100 -> 8.6020747e+08 | V98: =V99+V100 -> 8.6020747e+08 | W98: =S98/P98 -> 0.44047809 | X98: =T98/P98 -> 0.33084903
A99: C | B99: 4302 | C99: 1604 | D99: 24 | E99: 20303E | F99: 4302062 | G99: 10 | H99: Nación | I99: CSF | J99: SERVICIO DE EDUCACIÓN INFORMAL | K99: 70000000 | L99: 0 | M99: 0 | N99: 0 | O99: 0 | P99: =K99-L99+M99-N99+O99 -> 70000000 | Q99: 0 | R99: 70000000 | S99: 70000000 | T99: 70000000 | U99: 70000000 | V99: 70000000 | W99: 0 | X99: 0
A100: C | B100: 4302 | C100: 1604 | D100: 24 | E100: 20303E | F100: 4302078 | G100: 10 | H100: Nación | I100: CSF | J100: SERVICIO DE CONTROL DE DOPAJE | K100: 2530000000 | L100: 0 | M100: 0 | N100: 0 | O100: 0 | P100: =K100-L100+M100-N100+O100 -> 2530000000 | Q100: 0 | R100: 2490000000 | S100: 1.075243e+09 | T100: 7.9020747e+08 | U100: 7.9020747e+08 | V100: 7.9020747e+08 | W100: =S100/P100 -> 0.42499725 | X100: =T100/P100 -> 0.31233497
A101: C | B101: 4302 | C101: 1604 | D101: 26 | J101: DESARROLLO DEL DEPORTE OLIMPICO, PARALIMPICO Y NIVEL MUNDIAL PARA EL POSICIONAMIENTO Y LIDERAZGO DEPORTIVO NACIONAL | K101: =K102 -> 105434000000 | L101: =L102 -> 0 | M101: =M102 -> 0 | N101: =N103+N104+N105 -> 0 | O101: =O103+O104+O105 -> 0 | P101: =K101-L101+M101-N101+O101 -> 105434000000 | Q101: 0 | R101: =R102 -> 104829845482 | S101: =S102 -> 91689854265 | T101: =T102 -> 53460192549 | U101: =U102 -> 53460192549 | V101: =V102 -> 53460192549 | W101: =S101/P101 -> 0.86964219 | X101: =T101/P101 -> 0.50704889
A102: C | B102: 4302 | C102: 1604 | D102: 26 | E102: 20303E | G102: 10 | H102: Nación | I102: CSF | J102: 2. SEGURIDAD HUMANA Y JUSTICIA SOCIAL / E. ATLETAS Y PARATLETAS COMO EMBAJADORES DE PAZ EN EL MUNDO | K102: =K103+K104+K105+K106+K107 -> 105434000000 | L102: =L103+L104+L105+L106+L107 -> 0 | M102: =M103+M104+M105+M106+M107 -> 0 | N102: =N103+N104+N105+N106+N107 -> 0 | O102: =O103+O104+O105+O106+O107 -> 0 | P102: =SUM(P103:P107) -> 105434000000 | Q102: 0 | R102: =SUM(R103:R107) -> 104829845482 | S102: =SUM(S103:S107) -> 91689854265 | T102: =SUM(T103:T107) -> 53460192549 | U102: =SUM(U103:U107) -> 53460192549 | V102: =SUM(V103:V107) -> 53460192549 | W102: =S102/P102 -> 0.86964219 | X102: =T102/P102 -> 0.50704889
A103: C | B103: 4302 | C103: 1604 | D103: 26 | E103: 20303E | F103: 4302001 | G103: 10 | H103: Nación | I103: CSF | J103: SERVICIO DE PREPARACIÓN DEPORTIVA | K103: 43500000000 | L103: 0 | M103: 0 | N103: 0 | O103: 0 | P103: =K103-L103+M103-N103+O103 -> 43500000000 | Q103: 0 | R103: 43500000000 | S103: 43500000000 | T103: 21350000000 | U103: 21350000000 | V103: 21350000000 | W103: =S103/P103 -> 1 | X103: =T103/P103 -> 0.4908046
A104: C | B104: 4302 | C104: 1604 | D104: 26 | E104: 20303E | F104: 4302002 | G104: 10 | H104: Nación | I104: CSF | J104: SERVICIO DE APOYO FINANCIERO A ATLETAS | K104: 24200000000 | L104: 0 | M104: 0 | N104: 0 | O104: 0 | P104: =K104-L104+M104-N104+O104 -> 24200000000 | Q104: 0 | R104: 24200000000 | S104: 13832149538 | T104: 10724293154 | U104: 10724293154 | V104: 10724293154 | W104: =S104/P104 -> 0.57157643 | X104: =T104/P104 -> 0.44315261
A105: C | B105: 4302 | C105: 1604 | D105: 26 | E105: 20303E | F105: 4302003 | G105: 10 | H105: Nación | I105: CSF | J105: SERVICIO DE ATENCIÓN MÉDICA ESPECIALIZADA | K105: 3751830000 | L105: 0 | M105: 0 | N105: 0 | O105: 0 | P105: =K105-L105+M105-N105+O105 -> 3751830000 | Q105: 0 | R105: 3516940000 | S105: 3288943683 | T105: 1863850664 | U105: 1863850664 | V105: 1863850664 | W105: =S105/P105 -> 0.87662386 | X105: =T105/P105 -> 0.49678441
A106: C | B106: 4302 | C106: 1604 | D106: 26 | E106: 20303E | F106: 4302073 | G106: 10 | H106: Nación | I106: CSF | J106: SERVICIO DE IDENTIFICACIÓN DE TALENTOS DEPORTIVOS | K106: 11500000000 | L106: 0 | M106: 0 | N106: 0 | O106: 0 | P106: =K106-L106+M106-N106+O106 -> 11500000000 | Q106: 0 | R106: 11463000000 | S106: 11058206666 | T106: 8586839999 | U106: 8586839999 | V106: 8586839999 | W106: =S106/P106 -> 0.96158319 | X106: =T106/P106 -> 0.74668174
A107: C | B107: 4302 | C107: 1604 | D107: 26 | E107: 20303E | F107: 4302075 | G107: 10 | H107: Nación | I107: CSF | J107: SERVICIO DE ASISTENCIA TÉCNICA PARA LA PROMOCIÓN DEL DEPORTE | K107: 22482170000 | L107: 0 | M107: 0 | N107: 0 | O107: 0 | P107: =K107-L107+M107-N107+O107 -> 22482170000 | Q107: 0 | R107: 22149905482 | S107: 20010554378 | T107: 10935208732 | U107: 10935208732 | V107: 10935208732 | W107: =S107/P107 -> 0.8900633 | X107: =T107/P107 -> 0.48639472
A108: C | B108: 4302 | C108: 1604 | D108: 27 | J108: FORTALECIMIENTO DEL LABORATORIO DE CONTROL AL DOPAJE DEPORTIVO NACIONAL | K108: =K109 -> 2000000000 | L108: =L109 -> 0 | M108: =M109 -> 0 | N108: =N109 -> 0 | O108: =O109 -> 0 | P108: =K108-L108+M108-N108+O108 -> 2000000000 | Q108: =Q109 -> 0 | R108: =R109 -> 1929800000 | S108: =S109 -> 187200000 | T108: =T109 -> 59896666 | U108: =U109 -> 59896666 | V108: =V109 -> 59896666 | W108: =S108/P108 -> 0.0936 | X108: =T108/P108 -> 0.029948333
...

Sheet GRÁFICOS (2)
C1: =+C3-'VIGENCIA ACTUAL '!P12 -> 0 | D1: =+D3-'VIGENCIA ACTUAL '!R12 -> 0 | E1: =+E3-'VIGENCIA ACTUAL '!S12 -> 0 | F1: =+F3-'VIGENCIA ACTUAL '!T12 -> 0 | G1: =+G3-'VIGENCIA ACTUAL '!V12 -> 0
C2: APROPIACIÓN VIGENTE | D2: CDP | E2: COMPROMISO | F2: OBLIGACIÓN | G2: PAGO | H2: CDP % | I2: RPC % | J2: OBLIGACIÓN % | K2: PAGO %
A3: A+B+C | B3: TOTAL PRESUPUESTO | C3: ='VIGENCIA ACTUAL '!P15 -> 496087196266 | D3: ='VIGENCIA ACTUAL '!R15 -> 4.8535278e+11 | E3: ='VIGENCIA ACTUAL '!S15 -> 4.1207137e+11 | F3: ='VIGENCIA ACTUAL '!T15 -> 2.6879058e+11 | G3: ='VIGENCIA ACTUAL '!V15 -> 2.6879058e+11 | H3: =D3/$C$3 -> 0.97836183 | I3: =E3/$C$3 -> 0.83064303 | J3: =F3/$C$3 -> 0.54182124 | K3: =G3/$C$3 -> 0.54182124
A5: A | B5: FUNCIONAMIENTO | C5: ='VIGENCIA ACTUAL '!P16 -> 54194708762 | D5: ='VIGENCIA ACTUAL '!R16 -> 4.8960838e+10 | E5: ='VIGENCIA ACTUAL '!S16 -> 2.5793663e+10 | F5: ='VIGENCIA ACTUAL '!T16 -> 2.3072991e+10 | G5: ='VIGENCIA ACTUAL '!V16 -> 2.3072991e+10 | H5: =D5/$C$5 -> 0.90342468 | I5: =E5/$C$5 -> 0.4759443 | J5: =F5/$C$5 -> 0.42574251 | K5: =G5/$C$5 -> 0.42574251
A6: C | B6: INVERSIÓN | C6: ='VIGENCIA ACTUAL '!P75 -> 441892487504 | D6: ='VIGENCIA ACTUAL '!R75 -> 4.3639194e+11 | E6: ='VIGENCIA ACTUAL '!S75 -> 3.8627771e+11 | F6: ='VIGENCIA ACTUAL '!T75 -> 2.4571759e+11 | G6: ='VIGENCIA ACTUAL '!V75 -> 2.4571759e+11 | H6: =D6/$C$6 -> 0.98755229 | I6: =E6/$C$6 -> 0.87414409 | J6: =F6/$C$6 -> 0.5560574 | K6: =G6/$C$6 -> 0.5560574
A8: A-01 | B8: GASTOS DE PERSONAL | C8: ='VIGENCIA ACTUAL '!P17 -> 28744574000 | D8: ='VIGENCIA ACTUAL '!R17 -> 28744574000 | E8: ='VIGENCIA ACTUAL '!S17 -> 14007052385 | F8: ='VIGENCIA ACTUAL '!T17 -> 14006878056 | G8: ='VIGENCIA ACTUAL '!V17 -> 14006878056 | H8: =D8/$C$8 -> 1 | I8: =E8/$C$8 -> 0.48729379 | J8: =F8/$C$8 -> 0.48728772 | K8: =G8/$C$8 -> 0.48728772
A9: A-02 | B9: ADQUISICIÓN DE BIENES Y SERVICIOS | C9: ='VIGENCIA ACTUAL '!P38 -> 7967841118 | D9: ='VIGENCIA ACTUAL '!R38 -> 7.7133428e+09 | E9: ='VIGENCIA ACTUAL '!S38 -> 6.1797671e+09 | F9: ='VIGENCIA ACTUAL '!T38 -> 3.472391e+09 | G9: ='VIGENCIA ACTUAL '!V38 -> 3.472391e+09 | H9: =D9/$C$9 -> 0.96805932 | I9: =E9/$C$9 -> 0.77558864 | J9: =F9/$C$9 -> 0.43580073 | K9: =G9/$C$9 -> 0.43580073
A10: A-03 | B10: TRANSFERENCIAS CORRIENTES | C10: ='VIGENCIA ACTUAL '!P53 -> 16404043644 | D10: ='VIGENCIA ACTUAL '!R53 -> 1.147686e+10 | E10: ='VIGENCIA ACTUAL '!S53 -> 5.6054524e+09 | F10: ='VIGENCIA ACTUAL '!T53 -> 5.5923312e+09 | G10: ='VIGENCIA ACTUAL '!V53 -> 5.5923312e+09 | H10: =D10/$C$10 -> 0.69963602 | I10: =E10/$C$10 -> 0.34171163 | J10: =F10/$C$10 -> 0.34091175 | K10: =G10/$C$10 -> 0.34091175
A11: A-08 | B11: GASTOS POR TRIBUTOS, MULTAS, SANCIONES E INTERESES DE MORA | C11: ='VIGENCIA ACTUAL '!P66 -> 1078250000 | D11: ='VIGENCIA ACTUAL '!R66 -> 1026061000 | E11: ='VIGENCIA ACTUAL '!S66 -> 1391000 | F11: ='VIGENCIA ACTUAL '!T66 -> 1391000 | G11: ='VIGENCIA ACTUAL '!V66 -> 1391000 | H11: =D11/$C$11 -> 0.95159842 | I11: =E11/$C$11 -> 0.0012900533 | J11: =F11/$C$11 -> 0.0012900533 | K11: =G11/$C$11 -> 0.0012900533
A14: C-4301 | B14: FOMENTO A LA RECREACIÓN, LA ACTIVIDAD FÍSICA Y EL DEPORTE PARA DESARROLLAR ENTORNOS DE CONVIVENCIA Y PAZ | C14: ='VIGENCIA ACTUAL '!P76 -> 137500000000 | D14: ='VIGENCIA ACTUAL '!R76 -> 137133546664 | E14: ='VIGENCIA ACTUAL '!S76 -> 120753971827 | F14: ='VIGENCIA ACTUAL '!T76 -> 103845090266 | G14: ='VIGENCIA ACTUAL '!V76 -> 103845090266 | H14: =D14/$C$14 -> 0.99733488 | I14: =E14/$C$14 -> 0.8782107 | J14: =F14/$C$14 -> 0.75523702 | K14: =G14/$C$14 -> 0.75523702
A15: C-4302 | B15: FORMACIÓN Y PREPARACIÓN DE DEPORTISTAS | C15: ='VIGENCIA ACTUAL '!P89 -> 281803487504 | D15: ='VIGENCIA ACTUAL '!R89 -> 277326793948 | E15: ='VIGENCIA ACTUAL '!S89 -> 2.4854498e+11 | F15: ='VIGENCIA ACTUAL '!T89 -> 1.3601696e+11 | G15: ='VIGENCIA ACTUAL '!V89 -> 1.3601696e+11 | H15: =D15/$C$15 -> 0.98411413 | I15: =E15/$C$15 -> 0.88197978 | J15: =F15/$C$15 -> 0.48266599 | K15: =G15/$C$15 -> 0.48266599
A16: C-4399 | B16: ='VIGENCIA ACTUAL '!J117 -> FORTALECIMIENTO Y APOYO A LA GESTIÓN INSTITUCIONAL DEL SECTOR RECREACIÓN Y DEPORTE | C16: ='VIGENCIA ACTUAL '!P117 -> 22589000000 | D16: ='VIGENCIA ACTUAL '!R117 -> 2.1931598e+10 | E16: ='VIGENCIA ACTUAL '!S117 -> 1.697876e+10 | F16: ='VIGENCIA ACTUAL '!T117 -> 5.8555387e+09 | G16: ='VIGENCIA ACTUAL '!V117 -> 5.8555387e+09 | H16: =D16/$C$16 -> 0.97089724 | I16: =E16/$C$16 -> 0.75163841 | J16: =F16/$C$16 -> 0.2592208 | K16: =G16/$C$16 -> 0.2592208
A18: C-4301-1604-13-20203B | B18: ='VIGENCIA ACTUAL '!J79 -> 2. SEGURIDAD HUMANA Y JUSTICIA SOCIAL / B. RESIGNIFICACIÓN DE LA JORNADA ESCOLAR: MÁS QUE TIEMPO | C18: ='VIGENCIA ACTUAL '!K78 -> 115000000000 | D18: ='VIGENCIA ACTUAL '!R78 -> 114883546664 | E18: ='VIGENCIA ACTUAL '!S78 -> 114528290255 | F18: =+'VIGENCIA ACTUAL '!T78 -> 1.0088477e+11 | G18: =+'VIGENCIA ACTUAL '!V78 -> 1.0088477e+11 | H18: =D18/$C$18 -> 0.99898736 | I18: =E18/$C$18 -> 0.99589818 | J18: =F18/$C$18 -> 0.8772589 | K18: =G18/$C$18 -> 0.8772589
A19: C-4301-1604-14-20303A | B19: ='VIGENCIA ACTUAL '!J85 -> 2. SEGURIDAD HUMANA Y JUSTICIA SOCIAL / A. DEMOCRATIZAR EL ACCESO DE LA POBLACIÓN AL DEPORTE, LA RECREACIÓN Y LA ACTIVIDAD FÍSICA | C19: ='VIGENCIA ACTUAL '!P85 -> 22500000000 | D19: ='VIGENCIA ACTUAL '!R85 -> 22250000000 | E19: ='VIGENCIA ACTUAL '!S85 -> 6225681572 | F19: ='VIGENCIA ACTUAL '!T85 -> 2.9603172e+09 | G19: ='VIGENCIA ACTUAL '!V85 -> 2.9603172e+09 | H19: =D19/$C$19 -> 0.98888889 | I19: =E19/$C$19 -> 0.27669696 | J19: =F19/$C$19 -> 0.13156965 | K19: =G19/$C$19 -> 0.13156965
A20: C-4302-1604-20-20303D | B20: ='VIGENCIA ACTUAL '!J92 -> 2. SEGURIDAD HUMANA/D. SISTEMA DE INFORMACIÓN DEL DEPORTE, LA RECREACIÓN Y LA ACTIVIDAD FÍSICA | C20: ='VIGENCIA ACTUAL '!P92 -> 2000000000 | D20: ='VIGENCIA ACTUAL '!R92 -> 1858943000 | E20: ='VIGENCIA ACTUAL '!S92 -> 1845526964 | F20: ='VIGENCIA ACTUAL '!T92 -> 812955301 | G20: ='VIGENCIA ACTUAL '!V92 -> 812955301 | H20: =D20/$C$20 -> 0.9294715 | I20: =E20/$C$20 -> 0.92276348 | J20: =F20/$C$20 -> 0.40647765 | K20: =G20/$C$20 -> 0.40647765
A21: C-4302-1604-23-20303A | B21: ='VIGENCIA ACTUAL '!J95 -> 2. SEGURIDAD HUMANA Y JUSTICIA SOCIAL / A. DEMOCRATIZAR EL ACCESO DE LA POBLACIÓN AL DEPORTE, LA RECREACIÓN Y LA ACTIVIDAD FÍSICA | C21: ='VIGENCIA ACTUAL '!P95 -> 2975000000 | D21: ='VIGENCIA ACTUAL '!R95 -> 2904694480 | E21: ='VIGENCIA ACTUAL '!S95 -> 2794601186 | F21: ='VIGENCIA ACTUAL '!T95 -> 1.2626062e+09 | G21: ='VIGENCIA ACTUAL '!V95 -> 1.2626062e+09 | H21: =D21/$C$21 -> 0.97636789 | I21: =E21/$C$21 -> 0.93936174 | J21: =F21/$C$21 -> 0.42440546 | K21: =G21/$C$21 -> 0.42440546
A22: C-4302-1604-24-20303E | B22: ='VIGENCIA ACTUAL '!J98 -> 2. SEGURIDAD HUMANA Y JUSTICIA SOCIAL / E. ATLETAS Y PARATLETAS COMO EMBAJADORES DE PAZ EN EL MUNDO | C22: ='VIGENCIA ACTUAL '!P98 -> 2600000000 | D22: ='VIGENCIA ACTUAL '!R98 -> 2560000000 | E22: ='VIGENCIA ACTUAL '!S98 -> 1.145243e+09 | F22: ='VIGENCIA ACTUAL '!T98 -> 8.6020747e+08 | G22: ='VIGENCIA ACTUAL '!V98 -> 8.6020747e+08 | H22: =D22/$C$22 -> 0.98461538 | I22: =E22/$C$22 -> 0.44047809 | J22: =F22/$C$22 -> 0.33084903 | K22: =G22/$C$22 -> 0.33084903
A23: C-4302-1604-26-20303E | B23: ='VIGENCIA ACTUAL '!J102 -> 2. SEGURIDAD HUMANA Y JUSTICIA SOCIAL / E. ATLETAS Y PARATLETAS COMO EMBAJADORES DE PAZ EN EL MUNDO | C23: =+'VIGENCIA ACTUAL '!P101 -> 105434000000 | D23: ='VIGENCIA ACTUAL '!R102 -> 104829845482 | E23: ='VIGENCIA ACTUAL '!S102 -> 91689854265 | F23: ='VIGENCIA ACTUAL '!T102 -> 53460192549 | G23: ='VIGENCIA ACTUAL '!V102 -> 53460192549 | H23: =D23/$C$23 -> 0.99426983 | I23: =E23/$C$23 -> 0.86964219 | J23: =F23/$C$23 -> 0.50704889 | K23: =G23/$C$23 -> 0.50704889
A24: C-4399-1604-27-20303E | B24: ='VIGENCIA ACTUAL '!J109 -> 2. SEGURIDAD HUMANA Y JUSTICIA SOCIAL / E. ATLETAS Y PARATLETAS COMO EMBAJADORES DE PAZ EN EL MUNDO | C24: ='VIGENCIA ACTUAL '!P109 -> 2000000000 | D24: ='VIGENCIA ACTUAL '!R109 -> 1929800000 | E24: ='VIGENCIA ACTUAL '!S109 -> 187200000 | F24: =+'VIGENCIA ACTUAL '!T108 -> 59896666 | G24: ='VIGENCIA ACTUAL '!V109 -> 59896666 | H24: =D24/$C$24 -> 0.9649 | I24: =E24/$C$24 -> 0.0936 | J24: =F24/$C$24 -> 0.029948333 | K24: =G24/$C$24 -> 0.029948333
A25: C-4399-1604-28-20303A | B25: ='VIGENCIA ACTUAL '!J112 -> 2. SEGURIDAD HUMANA Y JUSTICIA SOCIAL / A. DEMOCRATIZAR EL ACCESO DE LA POBLACIÓN AL DEPORTE, LA RECREACIÓN Y LA ACTIVIDAD FÍSICA | C25: ='VIGENCIA ACTUAL '!P112 -> 131662322834 | D25: ='VIGENCIA ACTUAL '!R112 -> 128394031121 | E25: ='VIGENCIA ACTUAL '!S112 -> 117010526069 | F25: ='VIGENCIA ACTUAL '!T112 -> 6.2986217e+10 | G25: ='VIGENCIA ACTUAL '!V112 -> 6.2986217e+10 | H25: =D25/C25 -> 0.97517671 | I25: =E25/C25 -> 0.88871686 | J25: =F25/C25 -> 0.47839212 | K25: =G25/C25 -> 0.47839212
A26: C-4399-1604-29-20303F | B26: ='VIGENCIA ACTUAL '!J115 -> 2. SEGURIDAD HUMANA Y JUSTICIA SOCIAL / F. EL DEPORTE, LA RECREACIÓN Y LA ACTIVIDAD FÍSICA COMO EJE DE LA ECONOMÍA POPULAR | C26: ='VIGENCIA ACTUAL '!P115 -> 35132164670 | D26: ='VIGENCIA ACTUAL '!R115 -> 34849479865 | E26: ='VIGENCIA ACTUAL '!S115 -> 33872025047 | F26: ='VIGENCIA ACTUAL '!T115 -> 1.6574884e+10 | G26: ='VIGENCIA ACTUAL '!V115 -> 1.6574884e+10 | H26: =D26/$C$26 -> 0.99195368 | I26: =E26/C26 -> 0.96413146 | J26: =F26/C26 -> 0.4717866 | K26: =G26/C26 -> 0.4717866
A27: C-4399-1604-7-20303D | B27: ='VIGENCIA ACTUAL '!J120 -> 2. SEGURIDAD HUMANA Y JUSTICIA SOCIAL / D. SISTEMA DE INFORMACIÓN DEL DEPORTE, LA RECREACIÓN Y LA ACTIVIDAD FÍSICA | C27: ='VIGENCIA ACTUAL '!P120 -> 7000000000 | D27: ='VIGENCIA ACTUAL '!R120 -> 6.8919627e+09 | E27: ='VIGENCIA ACTUAL '!S120 -> 2.598075e+09 | F27: ='VIGENCIA ACTUAL '!T120 -> 1.0194873e+09 | G27: ='VIGENCIA ACTUAL '!V120 -> 1.0194873e+09 | H27: =D27/C27 -> 0.9845661 | I27: =E27/C27 -> 0.37115358 | J27: =F27/C27 -> 0.14564104 | K27: =G27/C27 -> 0.14564104
A28: C-4399-1604-8-53105B | B28: ='VIGENCIA ACTUAL '!J123 -> 5. CONVERGENCIA REGIONAL / B. ENTIDADES PÚBLICAS TERRITORIALES Y NACIONALES FORTALECIDAS | C28: ='VIGENCIA ACTUAL '!P123 -> 9764000000 | D28: ='VIGENCIA ACTUAL '!R123 -> 9.3843044e+09 | E28: ='VIGENCIA ACTUAL '!S123 -> 8.902008e+09 | F28: ='VIGENCIA ACTUAL '!T123 -> 2.4614619e+09 | G28: ='VIGENCIA ACTUAL '!V123 -> 2.4614619e+09 | H28: =D28/$C$28 -> 0.9611127 | I28: =E28/$C$28 -> 0.91171733 | J28: =F28/$C$28 -> 0.25209565 | K28: =G28/$C$28 -> 0.25209565
A29: C-4399-1604-10-53105B | B29: ='VIGENCIA ACTUAL '!J126 -> 5. CONVERGENCIA REGIONAL / B. ENTIDADES PÚBLICAS TERRITORIALES Y NACIONALES FORTALECIDAS | C29: ='VIGENCIA ACTUAL '!P126 -> 5825000000 | D29: ='VIGENCIA ACTUAL '!R126 -> 5655330800 | E29: ='VIGENCIA ACTUAL '!S126 -> 5.478677e+09 | F29: ='VIGENCIA ACTUAL '!T126 -> 2.3745896e+09 | G29: ='VIGENCIA ACTUAL '!V126 -> 2.3745896e+09 | H29: =D29/$C$29 -> 0.97087224 | I29: =E29/$C$29 -> 0.94054541 | J29: =F29/$C$29 -> 0.40765486 | K29: =G29/$C$29 -> 0.40765486
C32: APROPIACIÓN VIGENTE | D32: PORCENTAJE | G32: COMPROMISO ACUMULADOS | H32: OBLIGACIÓN ACUMULADOS | I32: PAGOS ACUMULADOS
B33: FUNCIONAMIENTO | C33: =+C5 -> 54194708762 | D33: =C33/$C$35 -> 0.10924432 | G33: =+E3 -> 4.1207137e+11 | H33: =+F3 -> 2.6879058e+11 | I33: =+G3 -> 2.6879058e+11
B34: INVERSIÓN | C34: =+C6 -> 441892487504 | D34: =C34/$C$35 -> 0.89075568
B35: TOTAL | C35: =SUM(C33:C34) -> 496087196266 | D35: =SUM(D33:D34) -> 1
A237: EJECUCIÓN DEL PRESUPUESTO DE INVERSIÓN NACIÓN
A238: Por Proyectos de Inversión
A239: Expresado en millones de pesos
A241: RUBRO | B241: DESCRIPCIÓN | C241: APROPIACIÓN VIGENTE | D241: COMPROMISO | E241: % | F241: OBLIGACIÓN | G241: % | H241: PAGOS | I241: %
A242: C-4301-1604-13-20203B | B242: =B18 -> 2. SEGURIDAD HUMANA Y JUSTICIA SOCIAL / B. RESIGNIFICACIÓN DE LA JORNADA ESCOLAR: MÁS QUE TIEMPO | C242: =C18 -> 115000000000 | D242: =E18 -> 114528290255 | E242: =I18 -> 0.99589818 | F242: =F18 -> 1.0088477e+11 | G242: =J18 -> 0.8772589 | H242: =G18 -> 1.0088477e+11 | I242: =K18 -> 0.8772589
A243: C-4301-1604-14-20303A | B243: =B19 -> 2. SEGURIDAD HUMANA Y JUSTICIA SOCIAL / A. DEMOCRATIZAR EL ACCESO DE LA POBLACIÓN AL DEPORTE, LA RECREACIÓN Y LA ACTIVIDAD FÍSICA | C243: =C19 -> 22500000000 | D243: =E19 -> 6225681572 | E243: =I19 -> 0.27669696 | F243: =F19 -> 2.9603172e+09 | G243: =J19 -> 0.13156965 | H243: =G19 -> 2.9603172e+09 | I243: =K19 -> 0.13156965
A244: C-4302-1604-20-20303D | B244: =B20 -> 2. SEGURIDAD HUMANA/D. SISTEMA DE INFORMACIÓN DEL DEPORTE, LA RECREACIÓN Y LA ACTIVIDAD FÍSICA | C244: =C20 -> 2000000000 | D244: =E20 -> 1845526964 | E244: =I20 -> 0.92276348 | F244: =F20 -> 812955301 | G244: =J20 -> 0.40647765 | H244: =G20 -> 812955301 | I244: =K20 -> 0.40647765
A245: C-4302-1604-23-20303A | B245: =B21 -> 2. SEGURIDAD HUMANA Y JUSTICIA SOCIAL / A. DEMOCRATIZAR EL ACCESO DE LA POBLACIÓN AL DEPORTE, LA RECREACIÓN Y LA ACTIVIDAD FÍSICA | C245: =C21 -> 2975000000 | D245: =E21 -> 2794601186 | E245: =I21 -> 0.93936174 | F245: =F21 -> 1.2626062e+09 | G245: =J21 -> 0.42440546 | H245: =G21 -> 1.2626062e+09 | I245: =K21 -> 0.42440546
A246: C-4302-1604-24-20303E | B246: =B22 -> 2. SEGURIDAD HUMANA Y JUSTICIA SOCIAL / E. ATLETAS Y PARATLETAS COMO EMBAJADORES DE PAZ EN EL MUNDO | C246: =C22 -> 2600000000 | D246: =E22 -> 1.145243e+09 | E246: =I22 -> 0.44047809 | F246: =F22 -> 8.6020747e+08 | G246: =J22 -> 0.33084903 | H246: =G22 -> 8.6020747e+08 | I246: =K22 -> 0.33084903
A247: C-4302-1604-26-20303E | B247: =B23 -> 2. SEGURIDAD HUMANA Y JUSTICIA SOCIAL / E. ATLETAS Y PARATLETAS COMO EMBAJADORES DE PAZ EN EL MUNDO | C247: =C23 -> 105434000000 | D247: =E23 -> 91689854265 | E247: =I23 -> 0.86964219 | F247: =F23 -> 53460192549 | G247: =J23 -> 0.50704889 | H247: =G23 -> 53460192549 | I247: =K23 -> 0.50704889
A248: RUBRO | B248: DESCRIPCIÓN | C248: APROPIACIÓN VIGENTE | D248: COMPROMISO | E248: % | F248: OBLIGACIÓN | G248: % | H248: PAGOS | I248: %
A249: C-4302-1604-27-20303E | B249: =B24 -> 2. SEGURIDAD HUMANA Y JUSTICIA SOCIAL / E. ATLETAS Y PARATLETAS COMO EMBAJADORES DE PAZ EN EL MUNDO | C249: =C24 -> 2000000000 | D249: =E24 -> 187200000 | E249: =I24 -> 0.0936 | F249: =F24 -> 59896666 | G249: =J24 -> 0.029948333 | H249: =G24 -> 59896666 | I249: =K24 -> 0.029948333
A250: C-4302-1604-28-20303A | B250: =B25 -> 2. SEGURIDAD HUMANA Y JUSTICIA SOCIAL / A. DEMOCRATIZAR EL ACCESO DE LA POBLACIÓN AL DEPORTE, LA RECREACIÓN Y LA ACTIVIDAD FÍSICA | C250: =C25 -> 131662322834 | D250: =E25 -> 117010526069 | E250: =I25 -> 0.88871686 | F250: =F25 -> 6.2986217e+10 | G250: =J25 -> 0.47839212 | H250: =G25 -> 6.2986217e+10 | I250: =K25 -> 0.47839212
A251: C-4302-1604-29-20303F | B251: =B26 -> 2. SEGURIDAD HUMANA Y JUSTICIA SOCIAL / F. EL DEPORTE, LA RECREACIÓN Y LA ACTIVIDAD FÍSICA COMO EJE DE LA ECONOMÍA POPULAR | C251: =C26 -> 35132164670 | D251: =E26 -> 33872025047 | E251: =I26 -> 0.96413146 | F251: =F26 -> 1.6574884e+10 | G251: =J26 -> 0.4717866 | H251: =G26 -> 1.6574884e+10 | I251: =K26 -> 0.4717866
A252: C-4399-1604-7-20303D | B252: =B27 -> 2. SEGURIDAD HUMANA Y JUSTICIA SOCIAL / D. SISTEMA DE INFORMACIÓN DEL DEPORTE, LA RECREACIÓN Y LA ACTIVIDAD FÍSICA | C252: =C27 -> 7000000000 | D252: =E27 -> 2.598075e+09 | E252: =I27 -> 0.37115358 | F252: =F27 -> 1.0194873e+09 | G252: =J27 -> 0.14564104 | H252: =G27 -> 1.0194873e+09 | I252: =K27 -> 0.14564104
A253: C-4399-1604-8-53105B | B253: =B28 -> 5. CONVERGENCIA REGIONAL / B. ENTIDADES PÚBLICAS TERRITORIALES Y NACIONALES FORTALECIDAS | C253: =C28 -> 9764000000 | D253: =E28 -> 8.902008e+09 | E253: =I28 -> 0.91171733 | F253: =F28 -> 2.4614619e+09 | G253: =J28 -> 0.25209565 | H253: =G28 -> 2.4614619e+09 | I253: =K28 -> 0.25209565
A254: C-4399-1604-10-53105B | B254: =B29 -> 5. CONVERGENCIA REGIONAL / B. ENTIDADES PÚBLICAS TERRITORIALES Y NACIONALES FORTALECIDAS | C254: =C29 -> 5825000000 | D254: =E29 -> 5.478677e+09 | E254: =I29 -> 0.94054541 | F254: =F29 -> 2.3745896e+09 | G254: =J29 -> 0.40765486 | H254: =G29 -> 2.3745896e+09 | I254: =K29 -> 0.40765486
A255: TOTAL | C255: =SUM(C242:C254) -> 441892487504 | D255: =SUM(D242:D254) -> 3.8627771e+11 | E255: =D255/C255 -> 0.87414409 | F255: =SUM(F242:F254) -> 2.4571759e+11 | G255: =F255/C255 -> 0.5560574 | H255: =SUM(H242:H254) -> 2.4571759e+11 | I255: =H255/C255 -> 0.5560574

Sheet GRÁFICOS (3)
C1: =+C3-'VIGENCIA ACTUAL '!P12 -> 0 | D1: =+D3-'VIGENCIA ACTUAL '!R12 -> 0 | E1: =+E3-'VIGENCIA ACTUAL '!S12 -> 0 | F1: =+F3-'VIGENCIA ACTUAL '!T12 -> 0 | G1: =+G3-'VIGENCIA ACTUAL '!V12 -> 0
C2: APROPIACIÓN VIGENTE | D2: CDP | E2: COMPROMISO | F2: OBLIGACIÓN | G2: PAGO | H2: CDP % | I2: RPC % | J2: OBLIGACIÓN % | K2: PAGO %
A3: A+B+C | B3: TOTAL PRESUPUESTO | C3: ='VIGENCIA ACTUAL '!P15 -> 496087196266 | D3: ='VIGENCIA ACTUAL '!R15 -> 4.8535278e+11 | E3: ='VIGENCIA ACTUAL '!S15 -> 4.1207137e+11 | F3: ='VIGENCIA ACTUAL '!T15 -> 2.6879058e+11 | G3: ='VIGENCIA ACTUAL '!V15 -> 2.6879058e+11 | H3: =D3/$C$3 -> 0.97836183 | I3: =E3/$C$3 -> 0.83064303 | J3: =F3/$C$3 -> 0.54182124 | K3: =G3/$C$3 -> 0.54182124
A5: A | B5: FUNCIONAMIENTO | C5: ='VIGENCIA ACTUAL '!P16 -> 54194708762 | D5: ='VIGENCIA ACTUAL '!R16 -> 4.8960838e+10 | E5: ='VIGENCIA ACTUAL '!S16 -> 2.5793663e+10 | F5: ='VIGENCIA ACTUAL '!T16 -> 2.3072991e+10 | G5: ='VIGENCIA ACTUAL '!V16 -> 2.3072991e+10 | H5: =D5/$C$5 -> 0.90342468 | I5: =E5/$C$5 -> 0.4759443 | J5: =F5/$C$5 -> 0.42574251 | K5: =G5/$C$5 -> 0.42574251
A6: C | B6: INVERSIÓN | C6: ='VIGENCIA ACTUAL '!P75 -> 441892487504 | D6: ='VIGENCIA ACTUAL '!R75 -> 4.3639194e+11 | E6: ='VIGENCIA ACTUAL '!S75 -> 3.8627771e+11 | F6: ='VIGENCIA ACTUAL '!T75 -> 2.4571759e+11 | G6: ='VIGENCIA ACTUAL '!V75 -> 2.4571759e+11 | H6: =D6/$C$6 -> 0.98755229 | I6: =E6/$C$6 -> 0.87414409 | J6: =F6/$C$6 -> 0.5560574 | K6: =G6/$C$6 -> 0.5560574
A8: A-01 | B8: GASTOS DE PERSONAL | C8: ='VIGENCIA ACTUAL '!P17 -> 28744574000 | D8: ='VIGENCIA ACTUAL '!R17 -> 28744574000 | E8: ='VIGENCIA ACTUAL '!S17 -> 14007052385 | F8: ='VIGENCIA ACTUAL '!T17 -> 14006878056 | G8: ='VIGENCIA ACTUAL '!V17 -> 14006878056 | H8: =D8/$C$8 -> 1 | I8: =E8/$C$8 -> 0.48729379 | J8: =F8/$C$8 -> 0.48728772 | K8: =G8/$C$8 -> 0.48728772
A9: A-02 | B9: ADQUISICIÓN DE BIENES Y SERVICIOS | C9: ='VIGENCIA ACTUAL '!P38 -> 7967841118 | D9: ='VIGENCIA ACTUAL '!R38 -> 7.7133428e+09 | E9: ='VIGENCIA ACTUAL '!S38 -> 6.1797671e+09 | F9: ='VIGENCIA ACTUAL '!T38 -> 3.472391e+09 | G9: ='VIGENCIA ACTUAL '!V38 -> 3.472391e+09 | H9: =D9/$C$9 -> 0.96805932 | I9: =E9/$C$9 -> 0.77558864 | J9: =F9/$C$9 -> 0.43580073 | K9: =G9/$C$9 -> 0.43580073
A10: A-03 | B10: TRANSFERENCIAS CORRIENTES | C10: ='VIGENCIA ACTUAL '!P53 -> 16404043644 | D10: ='VIGENCIA ACTUAL '!R53 -> 1.147686e+10 | E10: ='VIGENCIA ACTUAL '!S53 -> 5.6054524e+09 | F10: ='VIGENCIA ACTUAL '!T53 -> 5.5923312e+09 | G10: ='VIGENCIA ACTUAL '!V53 -> 5.5923312e+09 | H10: =D10/$C$10 -> 0.69963602 | I10: =E10/$C$10 -> 0.34171163 | J10: =F10/$C$10 -> 0.34091175 | K10: =G10/$C$10 -> 0.34091175
A11: A-08 | B11: GASTOS POR TRIBUTOS, MULTAS, SANCIONES E INTERESES DE MORA | C11: ='VIGENCIA ACTUAL '!P66 -> 1078250000 | D11: ='VIGENCIA ACTUAL '!R66 -> 1026061000 | E11: ='VIGENCIA ACTUAL '!S66 -> 1391000 | F11: ='VIGENCIA ACTUAL '!T66 -> 1391000 | G11: ='VIGENCIA ACTUAL '!V66 -> 1391000 | H11: =D11/$C$11 -> 0.95159842 | I11: =E11/$C$11 -> 0.0012900533 | J11: =F11/$C$11 -> 0.0012900533 | K11: =G11/$C$11 -> 0.0012900533
A14: C-4301 | B14: FOMENTO A LA RECREACIÓN, LA ACTIVIDAD FÍSICA Y EL DEPORTE PARA DESARROLLAR ENTORNOS DE CONVIVENCIA Y PAZ | C14: ='VIGENCIA ACTUAL '!P76 -> 137500000000 | D14: ='VIGENCIA ACTUAL '!R76 -> 137133546664 | E14: ='VIGENCIA ACTUAL '!S76 -> 120753971827 | F14: ='VIGENCIA ACTUAL '!T76 -> 103845090266 | G14: ='VIGENCIA ACTUAL '!V76 -> 103845090266 | H14: =D14/$C$14 -> 0.99733488 | I14: =E14/$C$14 -> 0.8782107 | J14: =F14/$C$14 -> 0.75523702 | K14: =G14/$C$14 -> 0.75523702
A15: C-4302 | B15: FORMACIÓN Y PREPARACIÓN DE DEPORTISTAS | C15: ='VIGENCIA ACTUAL '!P89 -> 281803487504 | D15: ='VIGENCIA ACTUAL '!R89 -> 277326793948 | E15: ='VIGENCIA ACTUAL '!S89 -> 2.4854498e+11 | F15: ='VIGENCIA ACTUAL '!T89 -> 1.3601696e+11 | G15: ='VIGENCIA ACTUAL '!V89 -> 1.3601696e+11 | H15: =D15/$C$15 -> 0.98411413 | I15: =E15/$C$15 -> 0.88197978 | J15: =F15/$C$15 -> 0.48266599 | K15: =G15/$C$15 -> 0.48266599
A16: C-4399 | B16: ='VIGENCIA ACTUAL '!J117 -> FORTALECIMIENTO Y APOYO A LA GESTIÓN INSTITUCIONAL DEL SECTOR RECREACIÓN Y DEPORTE | C16: ='VIGENCIA ACTUAL '!P117 -> 22589000000 | D16: ='VIGENCIA ACTUAL '!R117 -> 2.1931598e+10 | E16: ='VIGENCIA ACTUAL '!S117 -> 1.697876e+10 | F16: ='VIGENCIA ACTUAL '!T117 -> 5.8555387e+09 | G16: ='VIGENCIA ACTUAL '!V117 -> 5.8555387e+09 | H16: =D16/$C$16 -> 0.97089724 | I16: =E16/$C$16 -> 0.75163841 | J16: =F16/$C$16 -> 0.2592208 | K16: =G16/$C$16 -> 0.2592208
A18: C-4301-1604-13-20203B | B18: ='VIGENCIA ACTUAL '!J79 -> 2. SEGURIDAD HUMANA Y JUSTICIA SOCIAL / B. RESIGNIFICACIÓN DE LA JORNADA ESCOLAR: MÁS QUE TIEMPO | C18: ='VIGENCIA ACTUAL '!K78 -> 115000000000 | D18: ='VIGENCIA ACTUAL '!R78 -> 114883546664 | E18: ='VIGENCIA ACTUAL '!S78 -> 114528290255 | F18: =+'VIGENCIA ACTUAL '!T78 -> 1.0088477e+11 | G18: =+'VIGENCIA ACTUAL '!V78 -> 1.0088477e+11 | H18: =D18/$C$18 -> 0.99898736 | I18: =E18/$C$18 -> 0.99589818 | J18: =F18/$C$18 -> 0.8772589 | K18: =G18/$C$18 -> 0.8772589
A19: C-4301-1604-14-20303A | B19: ='VIGENCIA ACTUAL '!J85 -> 2. SEGURIDAD HUMANA Y JUSTICIA SOCIAL / A. DEMOCRATIZAR EL ACCESO DE LA POBLACIÓN AL DEPORTE, LA RECREACIÓN Y LA ACTIVIDAD FÍSICA | C19: ='VIGENCIA ACTUAL '!P85 -> 22500000000 | D19: ='VIGENCIA ACTUAL '!R85 -> 22250000000 | E19: ='VIGENCIA ACTUAL '!S85 -> 6225681572 | F19: ='VIGENCIA ACTUAL '!T85 -> 2.9603172e+09 | G19: ='VIGENCIA ACTUAL '!V85 -> 2.9603172e+09 | H19: =D19/$C$19 -> 0.98888889 | I19: =E19/$C$19 -> 0.27669696 | J19: =F19/$C$19 -> 0.13156965 | K19: =G19/$C$19 -> 0.13156965
A20: C-4302-1604-20-20303D | B20: ='VIGENCIA ACTUAL '!J92 -> 2. SEGURIDAD HUMANA/D. SISTEMA DE INFORMACIÓN DEL DEPORTE, LA RECREACIÓN Y LA ACTIVIDAD FÍSICA | C20: ='VIGENCIA ACTUAL '!P92 -> 2000000000 | D20: ='VIGENCIA ACTUAL '!R92 -> 1858943000 | E20: ='VIGENCIA ACTUAL '!S92 -> 1845526964 | F20: ='VIGENCIA ACTUAL '!T92 -> 812955301 | G20: ='VIGENCIA ACTUAL '!V92 -> 812955301 | H20: =D20/$C$20 -> 0.9294715 | I20: =E20/$C$20 -> 0.92276348 | J20: =F20/$C$20 -> 0.40647765 | K20: =G20/$C$20 -> 0.40647765
A21: C-4302-1604-23-20303A | B21: ='VIGENCIA ACTUAL '!J95 -> 2. SEGURIDAD HUMANA Y JUSTICIA SOCIAL / A. DEMOCRATIZAR EL ACCESO DE LA POBLACIÓN AL DEPORTE, LA RECREACIÓN Y LA ACTIVIDAD FÍSICA | C21: ='VIGENCIA ACTUAL '!P95 -> 2975000000 | D21: ='VIGENCIA ACTUAL '!R95 -> 2904694480 | E21: ='VIGENCIA ACTUAL '!S95 -> 2794601186 | F21: ='VIGENCIA ACTUAL '!T95 -> 1.2626062e+09 | G21: ='VIGENCIA ACTUAL '!V95 -> 1.2626062e+09 | H21: =D21/$C$21 -> 0.97636789 | I21: =E21/$C$21 -> 0.93936174 | J21: =F21/$C$21 -> 0.42440546 | K21: =G21/$C$21 -> 0.42440546
A22: C-4302-1604-24-20303E | B22: ='VIGENCIA ACTUAL '!J98 -> 2. SEGURIDAD HUMANA Y JUSTICIA SOCIAL / E. ATLETAS Y PARATLETAS COMO EMBAJADORES DE PAZ EN EL MUNDO | C22: ='VIGENCIA ACTUAL '!P98 -> 2600000000 | D22: ='VIGENCIA ACTUAL '!R98 -> 2560000000 | E22: ='VIGENCIA ACTUAL '!S98 -> 1.145243e+09 | F22: ='VIGENCIA ACTUAL '!T98 -> 8.6020747e+08 | G22: ='VIGENCIA ACTUAL '!V98 -> 8.6020747e+08 | H22: =D22/$C$22 -> 0.98461538 | I22: =E22/$C$22 -> 0.44047809 | J22: =F22/$C$22 -> 0.33084903 | K22: =G22/$C$22 -> 0.33084903
A23: C-4302-1604-26-20303E | B23: ='VIGENCIA ACTUAL '!J102 -> 2. SEGURIDAD HUMANA Y JUSTICIA SOCIAL / E. ATLETAS Y PARATLETAS COMO EMBAJADORES DE PAZ EN EL MUNDO | C23: =+'VIGENCIA ACTUAL '!P101 -> 105434000000 | D23: ='VIGENCIA ACTUAL '!R102 -> 104829845482 | E23: ='VIGENCIA ACTUAL '!S102 -> 91689854265 | F23: ='VIGENCIA ACTUAL '!T102 -> 53460192549 | G23: ='VIGENCIA ACTUAL '!V102 -> 53460192549 | H23: =D23/$C$23 -> 0.99426983 | I23: =E23/$C$23 -> 0.86964219 | J23: =F23/$C$23 -> 0.50704889 | K23: =G23/$C$23 -> 0.50704889
A24: C-4302-1604-27-20303E | B24: ='VIGENCIA ACTUAL '!J109 -> 2. SEGURIDAD HUMANA Y JUSTICIA SOCIAL / E. ATLETAS Y PARATLETAS COMO EMBAJADORES DE PAZ EN EL MUNDO | C24: ='VIGENCIA ACTUAL '!P109 -> 2000000000 | D24: ='VIGENCIA ACTUAL '!R109 -> 1929800000 | E24: ='VIGENCIA ACTUAL '!S109 -> 187200000 | F24: =+'VIGENCIA ACTUAL '!T108 -> 59896666 | G24: ='VIGENCIA ACTUAL '!V109 -> 59896666 | H24: =D24/$C$24 -> 0.9649 | I24: =E24/$C$24 -> 0.0936 | J24: =F24/$C$24 -> 0.029948333 | K24: =G24/$C$24 -> 0.029948333
A25: C-4302-1604-28-20303A | B25: ='VIGENCIA ACTUAL '!J112 -> 2. SEGURIDAD HUMANA Y JUSTICIA SOCIAL / A. DEMOCRATIZAR EL ACCESO DE LA POBLACIÓN AL DEPORTE, LA RECREACIÓN Y LA ACTIVIDAD FÍSICA | C25: ='VIGENCIA ACTUAL '!P112 -> 131662322834 | D25: ='VIGENCIA ACTUAL '!R112 -> 128394031121 | E25: ='VIGENCIA ACTUAL '!S112 -> 117010526069 | F25: ='VIGENCIA ACTUAL '!T112 -> 6.2986217e+10 | G25: ='VIGENCIA ACTUAL '!V112 -> 6.2986217e+10 | H25: =D25/C25 -> 0.97517671 | I25: =E25/C25 -> 0.88871686 | J25: =F25/C25 -> 0.47839212 | K25: =G25/C25 -> 0.47839212
A26: C-4302-1604-29-20303F | B26: ='VIGENCIA ACTUAL '!J115 -> 2. SEGURIDAD HUMANA Y JUSTICIA SOCIAL / F. EL DEPORTE, LA RECREACIÓN Y LA ACTIVIDAD FÍSICA COMO EJE DE LA ECONOMÍA POPULAR | C26: ='VIGENCIA ACTUAL '!P115 -> 35132164670 | D26: ='VIGENCIA ACTUAL '!R115 -> 34849479865 | E26: ='VIGENCIA ACTUAL '!S115 -> 33872025047 | F26: ='VIGENCIA ACTUAL '!T115 -> 1.6574884e+10 | G26: ='VIGENCIA ACTUAL '!V115 -> 1.6574884e+10 | H26: =D26/$C$26 -> 0.99195368 | I26: =E26/C26 -> 0.96413146 | J26: =F26/C26 -> 0.4717866 | K26: =G26/C26 -> 0.4717866
A27: C-4399-1604-7-20303D | B27: ='VIGENCIA ACTUAL '!J120 -> 2. SEGURIDAD HUMANA Y JUSTICIA SOCIAL / D. SISTEMA DE INFORMACIÓN DEL DEPORTE, LA RECREACIÓN Y LA ACTIVIDAD FÍSICA | C27: ='VIGENCIA ACTUAL '!P120 -> 7000000000 | D27: ='VIGENCIA ACTUAL '!R120 -> 6.8919627e+09 | E27: ='VIGENCIA ACTUAL '!S120 -> 2.598075e+09 | F27: ='VIGENCIA ACTUAL '!T120 -> 1.0194873e+09 | G27: ='VIGENCIA ACTUAL '!V120 -> 1.0194873e+09 | H27: =D27/C27 -> 0.9845661 | I27: =E27/C27 -> 0.37115358 | J27: =F27/C27 -> 0.14564104 | K27: =G27/C27 -> 0.14564104
A28: C-4399-1604-8-53105B | B28: ='VIGENCIA ACTUAL '!J123 -> 5. CONVERGENCIA REGIONAL / B. ENTIDADES PÚBLICAS TERRITORIALES Y NACIONALES FORTALECIDAS | C28: ='VIGENCIA ACTUAL '!P123 -> 9764000000 | D28: ='VIGENCIA ACTUAL '!R123 -> 9.3843044e+09 | E28: ='VIGENCIA ACTUAL '!S123 -> 8.902008e+09 | F28: ='VIGENCIA ACTUAL '!T123 -> 2.4614619e+09 | G28: ='VIGENCIA ACTUAL '!V123 -> 2.4614619e+09 | H28: =D28/$C$28 -> 0.9611127 | I28: =E28/$C$28 -> 0.91171733 | J28: =F28/$C$28 -> 0.25209565 | K28: =G28/$C$28 -> 0.25209565
A29: C-4399-1604-10-53105B | B29: ='VIGENCIA ACTUAL '!J126 -> 5. CONVERGENCIA REGIONAL / B. ENTIDADES PÚBLICAS TERRITORIALES Y NACIONALES FORTALECIDAS | C29: ='VIGENCIA ACTUAL '!P126 -> 5825000000 | D29: ='VIGENCIA ACTUAL '!R126 -> 5655330800 | E29: ='VIGENCIA ACTUAL '!S126 -> 5.478677e+09 | F29: ='VIGENCIA ACTUAL '!T126 -> 2.3745896e+09 | G29: ='VIGENCIA ACTUAL '!V126 -> 2.3745896e+09 | H29: =D29/$C$29 -> 0.97087224 | I29: =E29/$C$29 -> 0.94054541 | J29: =F29/$C$29 -> 0.40765486 | K29: =G29/$C$29 -> 0.40765486
C32: APROPIACIÓN VIGENTE | D32: PORCENTAJE | G32: COMPROMISO ACUMULADOS | H32: OBLIGACIÓN ACUMULADOS | I32: PAGOS ACUMULADOS
B33: FUNCIONAMIENTO | C33: =+C5 -> 54194708762 | D33: =C33/$C$35 -> 0.10924432 | G33: =+E3 -> 4.1207137e+11 | H33: =+F3 -> 2.6879058e+11 | I33: =+G3 -> 2.6879058e+11
B34: INVERSIÓN | C34: =+C6 -> 441892487504 | D34: =C34/$C$35 -> 0.89075568
B35: TOTAL | C35: =SUM(C33:C34) -> 496087196266 | D35: =SUM(D33:D34) -> 1
A237: EJECUCIÓN DEL PRESUPUESTO DE INVERSIÓN NACIÓN
A238: Por Proyectos de Inversión
A239: Expresado en millones de pesos
A241: RUBRO | B241: DESCRIPCIÓN | C241: DEPENDENCIA | D241: APROPIACIÓN VIGENTE | E241: COMPROMISO | F241: % | G241: OBLIGACIÓN | H241: % | I241: PAGOS | J241: %
A242: C-4301-1604-13-20203B | B242: =B18 -> 2. SEGURIDAD HUMANA Y JUSTICIA SOCIAL / B. RESIGNIFICACIÓN DE LA JORNADA ESCOLAR: MÁS QUE TIEMPO | C242: FOMENTO Y DESARROLLO | D242: =C18 -> 115000000000 | E242: =E18 -> 114528290255 | F242: =I18 -> 0.99589818 | G242: =F18 -> 1.0088477e+11 | H242: =J18 -> 0.8772589 | I242: =G18 -> 1.0088477e+11 | J242: =K18 -> 0.8772589
A243: C-4301-1604-14-20303A | B243: =B19 -> 2. SEGURIDAD HUMANA Y JUSTICIA SOCIAL / A. DEMOCRATIZAR EL ACCESO DE LA POBLACIÓN AL DEPORTE, LA RECREACIÓN Y LA ACTIVIDAD FÍSICA | C243: FOMENTO Y DESARROLLO | D243: =C19 -> 22500000000 | E243: =E19 -> 6225681572 | F243: =I19 -> 0.27669696 | G243: =F19 -> 2.9603172e+09 | H243: =J19 -> 0.13156965 | I243: =G19 -> 2.9603172e+09 | J243: =K19 -> 0.13156965
A244: C-4302-1604-20-20303D | B244: =B20 -> 2. SEGURIDAD HUMANA/D. SISTEMA DE INFORMACIÓN DEL DEPORTE, LA RECREACIÓN Y LA ACTIVIDAD FÍSICA | C244: VICEMINISTERIO | D244: =C20 -> 2000000000 | E244: =E20 -> 1845526964 | F244: =I20 -> 0.92276348 | G244: =F20 -> 812955301 | H244: =J20 -> 0.40647765 | I244: =G20 -> 812955301 | J244: =K20 -> 0.40647765
A245: C-4302-1604-23-20303A | B245: =B21 -> 2. SEGURIDAD HUMANA Y JUSTICIA SOCIAL / A. DEMOCRATIZAR EL ACCESO DE LA POBLACIÓN AL DEPORTE, LA RECREACIÓN Y LA ACTIVIDAD FÍSICA | C245: IVC | D245: =C21 -> 2975000000 | E245: =E21 -> 2794601186 | F245: =I21 -> 0.93936174 | G245: =F21 -> 1.2626062e+09 | H245: =J21 -> 0.42440546 | I245: =G21 -> 1.2626062e+09 | J245: =K21 -> 0.42440546
A246: C-4302-1604-24-20303E | B246: =B22 -> 2. SEGURIDAD HUMANA Y JUSTICIA SOCIAL / E. ATLETAS Y PARATLETAS COMO EMBAJADORES DE PAZ EN EL MUNDO | C246: DESPACHO MINISTRA | D246: =C22 -> 2600000000 | E246: =E22 -> 1.145243e+09 | F246: =I22 -> 0.44047809 | G246: =F22 -> 8.6020747e+08 | H246: =J22 -> 0.33084903 | I246: =G22 -> 8.6020747e+08 | J246: =K22 -> 0.33084903
A247: C-4302-1604-26-20303E | B247: =B23 -> 2. SEGURIDAD HUMANA Y JUSTICIA SOCIAL / E. ATLETAS Y PARATLETAS COMO EMBAJADORES DE PAZ EN EL MUNDO | C247: POSICIONAMIENTO Y LIDERAZGO DEPORTIVO | D247: =C23 -> 105434000000 | E247: =E23 -> 91689854265 | F247: =I23 -> 0.86964219 | G247: =F23 -> 53460192549 | H247: =J23 -> 0.50704889 | I247: =G23 -> 53460192549 | J247: =K23 -> 0.50704889
A248: RUBRO | B248: DESCRIPCIÓN | C248: DEPENDENCIA | D248: APROPIACIÓN VIGENTE | E248: COMPROMISO | F248: % | G248: OBLIGACIÓN | H248: % | I248: PAGOS | J248: %
A249: C-4302-1604-27-20303E | B249: =B24 -> 2. SEGURIDAD HUMANA Y JUSTICIA SOCIAL / E. ATLETAS Y PARATLETAS COMO EMBAJADORES DE PAZ EN EL MUNDO | C249: RECURSOS Y HERRAMIENTAS | D249: =C24 -> 2000000000 | E249: =E24 -> 187200000 | F249: =I24 -> 0.0936 | G249: =F24 -> 59896666 | H249: =J24 -> 0.029948333 | I249: =G24 -> 59896666 | J249: =K24 -> 0.029948333
A250: C-4302-1604-28-20303A | B250: =B25 -> 2. SEGURIDAD HUMANA Y JUSTICIA SOCIAL / A. DEMOCRATIZAR EL ACCESO DE LA POBLACIÓN AL DEPORTE, LA RECREACIÓN Y LA ACTIVIDAD FÍSICA | C250: RECURSOS Y HERRAMIENTAS | D250: =C25 -> 131662322834 | E250: =E25 -> 117010526069 | F250: =I25 -> 0.88871686 | G250: =F25 -> 6.2986217e+10 | H250: =J25 -> 0.47839212 | I250: =G25 -> 6.2986217e+10 | J250: =K25 -> 0.47839212
A251: C-4302-1604-29-20303F | B251: =B26 -> 2. SEGURIDAD HUMANA Y JUSTICIA SOCIAL / F. EL DEPORTE, LA RECREACIÓN Y LA ACTIVIDAD FÍSICA COMO EJE DE LA ECONOMÍA POPULAR | C251: POSICIONAMIENTO Y LIDERAZGO DEPORTIVO | D251: =C26 -> 35132164670 | E251: =E26 -> 33872025047 | F251: =I26 -> 0.96413146 | G251: =F26 -> 1.6574884e+10 | H251: =J26 -> 0.4717866 | I251: =G26 -> 1.6574884e+10 | J251: =K26 -> 0.4717866
A252: C-4399-1604-7-20303D | B252: =B27 -> 2. SEGURIDAD HUMANA Y JUSTICIA SOCIAL / D. SISTEMA DE INFORMACIÓN DEL DEPORTE, LA RECREACIÓN Y LA ACTIVIDAD FÍSICA | C252: SECRETARIA GENERAL - TICS | D252: =C27 -> 7000000000 | E252: =E27 -> 2.598075e+09 | F252: =I27 -> 0.37115358 | G252: =F27 -> 1.0194873e+09 | H252: =J27 -> 0.14564104 | I252: =G27 -> 1.0194873e+09 | J252: =K27 -> 0.14564104
A253: C-4399-1604-8-53105B | B253: =B28 -> 5. CONVERGENCIA REGIONAL / B. ENTIDADES PÚBLICAS TERRITORIALES Y NACIONALES FORTALECIDAS | C253: SECRETARIA GENERAL - MANTENIMIENTO SEDES | D253: =C28 -> 9764000000 | E253: =E28 -> 8.902008e+09 | F253: =I28 -> 0.91171733 | G253: =F28 -> 2.4614619e+09 | H253: =J28 -> 0.25209565 | I253: =G28 -> 2.4614619e+09 | J253: =K28 -> 0.25209565
A254: C-4399-1604-10-53105B | B254: =B29 -> 5. CONVERGENCIA REGIONAL / B. ENTIDADES PÚBLICAS TERRITORIALES Y NACIONALES FORTALECIDAS | C254: OFICINA ASESORA DE PLANEACIÓN | D254: =C29 -> 5825000000 | E254: =E29 -> 5.478677e+09 | F254: =I29 -> 0.94054541 | G254: =F29 -> 2.3745896e+09 | H254: =J29 -> 0.40765486 | I254: =G29 -> 2.3745896e+09 | J254: =K29 -> 0.40765486
A255: TOTAL | D255: =SUM(D242:D254) -> 441892487504 | E255: =SUM(E242:E254) -> 3.8627771e+11 | F255: =E255/D255 -> 0.87414409 | G255: =SUM(G242:G254) -> 2.4571759e+11 | H255: =G255/D255 -> 0.5560574 | I255: =SUM(I242:I254) -> 2.4571759e+11 | J255: =I255/D255 -> 0.5560574

Sheet RESERVAS NO PUBLICAR
A6: INFORME DE RESERVA PRESUPUESTAL
B8: SECCION: | D8: 4301
B9: UNIDAD EJECUTORA: | D9: 430101
B10: AÑO FISCAL: | D10: 2021
B11: PERIODO: | D11: MARZO
A13: IDENTIFICACIÓN PRESUPUESTAL | K13: NOMBRE DEL RUBRO | L13: COMPROMISO ACUMULADOS CONSTITUCIÓN | M13: LIBERACIONES | N13: COMPROMISO ACUMULADOS VIGENTES | O13: OBLIGACIÓN ACUMULADOS | P13: ORDEN PAGO ACUMULADOS | Q13: PAGOS ACUMULADOS | R13: % EJECUCIÓN
A14: Tipo Presupuesto | B14: Cuenta / Programa | C14: Subcuenta / Subprograma | D14: Objeto / Proyecto | E14: Ordinal / Subproy | F14: SubOrdinal / Producto | G14: Item | H14: Rec | I14: FUENTE | J14: Situación
A15: A+C | K15: TOTAL RESERVAS | L15: =L16+L33 -> 2.0030452e+11 | M15: =M16+M33 -> -6.3423042e+08 | N15: =N16+N33 -> 1.9967029e+11 | O15: =O16+O33 -> 2.6378757e+10 | P15: =P16+P33 -> 1.7840573e+10 | Q15: =Q16+Q33 -> 1.7840573e+10 | R15: =O15/L15 -> 0.13169327
A16: A | K16: A- FUNCIONAMIENTO | L16: =L17+L26 -> 1.4819486e+09 | M16: =M17+M26 -> 0 | N16: =N17+N26 -> 1.4819486e+09 | O16: =O17+O26 -> 4.5093057e+08 | P16: =P17+P26 -> 4.502032e+08 | Q16: =Q17+Q26 -> 4.502032e+08 | R16: =O16/L16 -> 0.3042822
A17: A | B17: 02 | K17: ADQUISICIÓN DE BIENES Y SERVICIOS | L17: =L18 -> 2.2663983e+08 | M17: =M18 -> 0 | N17: =N18 -> 2.2663983e+08 | O17: =O18 -> 1.6601941e+08 | P17: =P18 -> 1.6529204e+08 | Q17: =Q18 -> 1.6529204e+08 | R17: =O17/L17 -> 0.73252529
A18: A | B18: 02 | C18: 02 | K18: ADQUISICIONES DIFERENTES DE ACTIVOS | L18: =L19+L22 -> 2.2663983e+08 | M18: =M19+M22 -> 0 | N18: =N19+N22 -> 2.2663983e+08 | O18: =O19+O22 -> 1.6601941e+08 | P18: =P19+P22 -> 1.6529204e+08 | Q18: =Q19+Q22 -> 1.6529204e+08 | R18: =O18/L18 -> 0.73252529
A19: A | B19: 02 | C19: 02 | D19: 01 | K19: MATERIALES Y SUMINISTROS | L19: =SUM(L20:L21) -> 29013385 | M19: =SUM(M20:M21) -> 0 | N19: =SUM(N20:N21) -> 29013385 | O19: =SUM(O20:O21) -> 6649869.4 | P19: =SUM(P20:P21) -> 6649869.4 | Q19: =SUM(Q20:Q21) -> 6649869.4 | R19: =O19/L19 -> 0.22920005
A20: A | B20: 02 | C20: 02 | D20: 01 | E20: 003 | H20: 10 | I20: Nación | J20: CSF | K20: OTROS BIENES TRANSPORTABLES (EXCEPTO PRODUCTOS METÁLICOS, MAQUINARIA Y EQUIPO) | L20: 22026385 | M20: =N20-L20 -> 0 | N20: 22026385 | O20: 4111885 | P20: 4111885 | Q20: 4111885 | R20: =O20/L20 -> 0.18667997
A21: A | B21: 02 | C21: 02 | D21: 01 | E21: 004 | H21: 10 | I21: Nación | J21: CSF | K21: PRODUCTOS METÁLICOS Y PAQUETES DE SOFTWARE | L21: 6987000 | M21: =N21-L21 -> 0 | N21: 6987000 | O21: 2537984.4 | P21: 2537984.4 | Q21: 2537984.4 | R21: =O21/L21 -> 0.3632438
A22: A | B22: 02 | C22: 02 | D22: 02 | K22: ADQUISICIÓN DE SERVICIOS | L22: =SUM(L23:L25) -> 1.9762645e+08 | M22: =SUM(M23:M25) -> 0 | N22: =SUM(N23:N25) -> 1.9762645e+08 | O22: =SUM(O23:O25) -> 1.5936954e+08 | P22: =SUM(P23:P25) -> 1.5864217e+08 | Q22: =SUM(Q23:Q25) -> 1.5864217e+08 | R22: =O22/L22 -> 0.80641808
A23: A | B23: 02 | C23: 02 | D23: 02 | E23: 006 | H23: 10 | I23: Nación | J23: CSF | K23: SERVICIOS DE ALOJAMIENTO; SERVICIOS DE SUMINISTRO DE COMIDAS Y BEBIDAS; SERVICIOS DE TRANSPORTE; Y SERVICIOS DE DISTRIBUCIÓN DE ELECTRICIDAD, GAS Y AGUA | L23: 113756 | M23: =N23-L23 -> 0 | N23: 113756 | O23: 113756 | P23: 113756 | Q23: 113756 | R23: =O23/L23 -> 1
A24: A | B24: 02 | C24: 02 | D24: 02 | E24: 008 | H24: 10 | I24: Nación | J24: CSF | K24: SERVICIOS PRESTADOS A LAS EMPRESAS Y SERVICIOS DE PRODUCCIÓN. | L24: 92759908 | M24: =N24-L24 -> 0 | N24: 92759908 | O24: 70926168 | P24: 70198795 | Q24: 70198795 | R24: =O24/L24 -> 0.76462093
A25: A | B25: 02 | C25: 02 | D25: 02 | E25: 009 | H25: 10 | I25: Nación | J25: CSF | K25: SERVICIOS PARA LA COMUNIDAD, SOCIALES Y PERSONALES | L25: 104752785 | M25: =N25-L25 -> 0 | N25: 104752785 | O25: 88329618 | P25: 88329618 | Q25: 88329618 | R25: =O25/L25 -> 0.84321976
A26: A | B26: 03 | K26: TRANSFERENCIAS CORRIENTES | L26: =+L27+L30 -> 1255308735 | M26: =+M27+M30 -> 0 | N26: =+N27+N30 -> 1255308735 | O26: =+O27+O30 -> 284911161 | P26: =+P27+P30 -> 284911161 | Q26: =+Q27+Q30 -> 284911161 | R26: =O26/L26 -> 0.22696501
A27: A | B27: 03 | C27: 03 | K27: A ENTIDADES DEL GOBIERNO | L27: =+L28 -> 85778 | N27: =+N28 -> 85778 | O27: =+O28 -> 85778 | P27: =+P28 -> 85778 | Q27: =+Q28 -> 85778 | R27: =O27/L27 -> 1
A28: A | B28: 03 | C28: 03 | D28: 04 | K28: A OTRAS ENTIDADES DEL GOBIERNO GENERAL | L28: =+L29 -> 85778 | M28: =+M29+M32 -> -6.3423042e+08 | N28: =+N29 -> 85778 | O28: =+O29 -> 85778 | P28: =+P29 -> 85778 | Q28: =+Q29 -> 85778 | R28: =O28/L28 -> 1
A29: A | B29: 03 | C29: 03 | D29: 04 | E29: 048 | K29: ESCUELA NACIONAL DEL DEPORTE - ART. 51 DECRETO 2845 DE 1984 | L29: 85778 | M29: =+M30+M33 -> -6.3423042e+08 | N29: 85778 | O29: 85778 | P29: 85778 | Q29: 85778 | R29: =O29/L29 -> 1
A30: A | B30: 03 | C30: 04 | K30: PRESTACIONES SOCIALES | L30: =L31 -> 1255222957 | M30: =M31 -> 0 | N30: =N31 -> 1255222957 | O30: =O31 -> 284825383 | P30: =P31 -> 284825383 | Q30: =Q31 -> 284825383 | R30: =O30/L30 -> 0.22691218
A31: A | B31: 03 | C31: 04 | D31: 02 | K31: PRESTACIONES SOCIALES RELACIONADAS CON EL EMPLEO | L31: =SUM(L32:L32) -> 1255222957 | M31: =SUM(M32:M32) -> 0 | N31: =SUM(N32:N32) -> 1255222957 | O31: =SUM(O32:O32) -> 284825383 | P31: =SUM(P32:P32) -> 284825383 | Q31: =SUM(Q32:Q32) -> 284825383 | R31: =O31/L31 -> 0.22691218
A32: A | B32: 03 | C32: 04 | D32: 02 | E32: 001 | H32: 10 | I32: Nación | J32: CSF | K32: MESADAS PENSIONALES (DE PENSIONES) | L32: 1255222957 | M32: =N32-L32 -> 0 | N32: 1255222957 | O32: 284825383 | P32: 284825383 | Q32: 284825383 | R32: =O32/L32 -> 0.22691218
A33: C | K33: C- INVERSIÓN | L33: =L34+L52+L84 -> 1.9882257e+11 | M33: =M34+M52+M84 -> -6.3423042e+08 | N33: =N34+N52+N84 -> 1.9818834e+11 | O33: =O34+O52+O84 -> 2.5927826e+10 | P33: =P34+P52+P84 -> 1.7390369e+10 | Q33: =Q34+Q52+Q84 -> 1.7390369e+10 | R33: =O33/L33 -> 0.13040685
A34: C | B34: 4301 | K34: FOMENTO A LA RECREACIÓN, LA ACTIVIDAD FÍSICA Y EL DEPORTE PARA DESARROLLAR ENTORNOS DE CONVIVENCIA Y PAZ | L34: =L35 -> 1.3376869e+10 | M34: =M35 -> -15568417 | N34: =N35 -> 1.3361301e+10 | O34: =O35 -> 3.3250287e+09 | P34: =P35 -> 3.260237e+09 | Q34: =Q35 -> 3.260237e+09 | R34: =O34/L34 -> 0.24856554
A35: C | B35: 4301 | C35: 1604 | K35: RECREACIÓN Y DEPORTE | L35: =L36+L38+L42+L46+L50 -> 1.3376869e+10 | M35: =M36+M38+M42+M46+M50 -> -15568417 | N35: =N36+N38+N42+N46+N50 -> 1.3361301e+10 | O35: =O36+O38+O42+O46+O50 -> 3.3250287e+09 | P35: =P36+P38+P42+P46+P50 -> 3.260237e+09 | Q35: =Q36+Q38+Q42+Q46+Q50 -> 3.260237e+09 | R35: =O35/L35 -> 0.24856554
A36: C | B36: 4301 | C36: 1604 | D36: 8 | H36: 11 | I36: Nación | J36: CSF | K36: APOYO A LA EDUCACIÓN FÍSICA EXTRAESCOLAR Y EL DEPORTE FORMATIVO PARA LA INFANCIA, ADOLESCENCIA Y JUVENTUD A NIVEL NACIONAL | L36: =SUM(L37) -> 7492757968 | M36: =SUM(M37) -> 0 | N36: =SUM(N37) -> 7492757968 | O36: =SUM(O37) -> 218985609 | P36: =SUM(P37) -> 217931334 | Q36: =SUM(Q37) -> 217931334 | R36: =O36/L36 -> 0.029226302
A37: C | B37: 4301 | C37: 1604 | D37: 8 | E37: 0 | F37: 4301037 | K37: SERVICIO DE PROMOCIÓN DE LA ACTIVIDAD FÍSICA, LA RECREACIÓN Y EL DEPORTE | L37: 7492757968 | M37: =N37-L37 -> 0 | N37: 7492757968 | O37: 218985609 | P37: 217931334 | Q37: 217931334 | R37: =O37/L37 -> 0.029226302
A38: C | B38: 4301 | C38: 1604 | D38: 9 | K38: DESARROLLO DE LA ACTIVIDAD FÍSICA Y LOS HÁBITOS Y ESTILOS DE VIDA SALUDABLE A NIVEL NACIONAL | L38: =SUM(L39:L41) -> 1088138127 | M38: =SUM(M39:M41) -> -592039 | N38: =SUM(N39:N41) -> 1087546088 | O38: =SUM(O39:O41) -> 269265809 | P38: =SUM(P39:P41) -> 257765809 | Q38: =SUM(Q39:Q41) -> 257765809 | R38: =O38/L38 -> 0.24745554
A39: C | B39: 4301 | C39: 1604 | D39: 9 | E39: 0 | F39: 4301034 | H39: 11 | I39: Nación | J39: CSF | K39: SERVICIO DE APOYO FINANCIERO A ORGANISMOS DEPORTIVOS | L39: 809318094 | M39: =N39-L39 -> -592039 | N39: 808726055 | O39: 169096576 | P39: 157596576 | Q39: 157596576 | R39: =O39/L39 -> 0.2089371
A40: C | B40: 4301 | C40: 1604 | D40: 9 | E40: 0 | F40: 4301035 | H40: 11 | I40: Nación | J40: CSF | K40: SERVICIO DE EDUCACIÓN INFORMAL EN RECREACIÓN | L40: 100169233 | M40: =N40-L40 -> 0 | N40: 100169233 | O40: 100169233 | P40: 100169233 | Q40: 100169233 | R40: =O40/L40 -> 1
A41: C | B41: 4301 | C41: 1604 | D41: 9 | E41: 0 | F41: 4301037 | H41: 11 | I41: Nación | J41: CSF | K41: SERVICIO DE PROMOCIÓN DE LA ACTIVIDAD FÍSICA, LA RECREACIÓN Y EL DEPORTE - | L41: 178650800 | M41: =N41-L41 -> 0 | N41: 178650800 | O41: 0 | P41: 0 | Q41: 0
A42: C | B42: 4301 | C42: 1604 | D42: 10 | K42: DESARROLLO DE LA RECREACIÓN A NIVEL NACIONAL | L42: =SUM(L43:L45) -> 665780015 | M42: =SUM(M43:M45) -> 0 | N42: =SUM(N43:N45) -> 665780015 | O42: =SUM(O43:O45) -> 28824710 | P42: =SUM(P43:P45) -> 28824710 | Q42: =SUM(Q43:Q45) -> 28824710 | R42: =O42/L42 -> 0.043294646
A43: C | B43: 4301 | C43: 1604 | D43: 10 | E43: 0 | F43: 4301034 | H43: 11 | I43: Nación | J43: CSF | K43: SERVICIO DE APOYO FINANCIERO A ORGANISMOS DEPORTIVOS | L43: 317415873 | M43: =N43-L43 -> 0 | N43: 317415873 | O43: 0 | P43: 0 | Q43: 0 | R43: =O43/L43 -> 0
A44: C | B44: 4301 | C44: 1604 | D44: 10 | E44: 0 | F44: 4301035 | H44: 11 | I44: Nación | J44: CSF | K44: SERVICIO DE EDUCACIÓN INFORMAL EN RECREACIÓN | L44: 13736000 | M44: =N44-L44 -> 0 | N44: 13736000 | O44: 13574710 | P44: 13574710 | Q44: 13574710 | R44: =O44/L44 -> 0.98825786
A45: C | B45: 4301 | C45: 1604 | D45: 10 | E45: 0 | F45: 4301037 | H45: 11 | I45: Nación | J45: CSF | K45: SERVICIO DE PROMOCIÓN DE LA ACTIVIDAD FÍSICA, LA RECREACIÓN Y EL DEPORTE | L45: 334628142 | M45: =N45-L45 -> 0 | N45: 334628142 | O45: 15250000 | P45: 15250000 | Q45: 15250000 | R45: =O45/L45 -> 0.045572975
A46: C | B46: 4301 | C46: 1604 | D46: 11 | K46: DESARROLLO AL DEPORTE SOCIAL COMUNITARIO NACIONAL | L46: =SUM(L47:L49) -> 3.1283105e+09 | M46: =SUM(M47:M49) -> -10123078 | N46: =SUM(N47:N49) -> 3.1181874e+09 | O46: =SUM(O47:O49) -> 2.7667936e+09 | P46: =SUM(P47:P49) -> 2.7318682e+09 | Q46: =SUM(Q47:Q49) -> 2.7318682e+09 | R46: =O46/L46 -> 0.884437
A47: C | B47: 4301 | C47: 1604 | D47: 11 | E47: 0 | F47: 4301001 | H47: 11 | I47: Nación | J47: CSF | K47: SERVICIO DE APOYO A LA ACTIVIDAD FÍSICA, LA RECREACIÓN Y EL DEPORTE | L47: 28421162 | M47: =N47-L47 -> 0 | N47: 28421162 | O47: 8244278 | P47: 6619868 | Q47: 6619868 | R47: =O47/L47 -> 0.29007533
A48: C | B48: 4301 | C48: 1604 | D48: 11 | E48: 0 | F48: 4301034 | H48: 11 | I48: Nación | J48: CSF | K48: SERVICIO DE APOYO FINANCIERO A ORGANISMOS DEPORTIVOS | L48: 3.0059493e+09 | M48: =N48-L48 -> -10123078 | N48: 2.9958263e+09 | O48: 2.6946093e+09 | P48: 2.6613084e+09 | Q48: 2.6613084e+09 | R48: =O48/L48 -> 0.89642538
A49: C | B49: 4301 | C49: 1604 | D49: 11 | E49: 0 | F49: 4301037 | H49: 11 | I49: Nación | J49: CSF | K49: SERVICIO DE PROMOCIÓN DE LA ACTIVIDAD FÍSICA, LA RECREACIÓN Y EL DEPORTE | L49: 93940000 | M49: =N49-L49 -> 0 | N49: 93940000 | O49: 63940000 | P49: 63940000 | Q49: 63940000 | R49: =O49/L49 -> 0.68064722
A50: C | B50: 4301 | C50: 1604 | D50: 12 | H50: 11 | I50: Nación | J50: CSF | K50: DESARROLLO DEL DEPORTE ESCOLAR COMO HERRAMIENTA DE CONVIVENCIA Y PAZ NACIONAL | L50: =SUM(L51) -> 1001882508 | M50: =SUM(M51) -> -4853300 | N50: =SUM(N51) -> 997029208 | O50: =SUM(O51) -> 41158979 | P50: =SUM(P51) -> 23846879 | Q50: =SUM(Q51) -> 23846879 | R50: =O50/L50 -> 0.041081642
A51: C | B51: 4301 | C51: 1604 | D51: 12 | E51: 0 | F51: 4301007 | K51: SERVICIO DE ESCUELAS DEPORTIVAS | L51: 1001882508 | M51: =N51-L51 -> -4853300 | N51: 997029208 | O51: 41158979 | P51: 23846879 | Q51: 23846879 | R51: =O51/L51 -> 0.041081642
A52: C | B52: 4302 | K52: FORMACIÓN Y PREPARACIÓN DE DEPORTISTAS | L52: =L53 -> 1.801509e+11 | M52: =M53 -> -618662000 | N52: =N53 -> 1.7953224e+11 | O52: =O53 -> 1.9821746e+10 | P52: =P53 -> 1.1527895e+10 | Q52: =Q53 -> 1.1527895e+10 | R52: =O52/L52 -> 0.11002857
A53: C | B53: 4302 | C53: 1604 | K53: RECREACIÓN Y DEPORTE | L53: =L54+L57+L59+L64+L70+L72+L74+L76+L79+L82 -> 1.801509e+11 | M53: =M54+M57+M59+M64+M70+M72+M74+M76+M79+M82 -> -618662000 | N53: =N54+N57+N59+N64+N70+N72+N74+N76+N79+N82 -> 1.7953224e+11 | O53: =O54+O57+O59+O64+O70+O72+O74+O76+O79+O82 -> 1.9821746e+10 | P53: =P54+P57+P59+P64+P70+P72+P74+P76+P79+P82 -> 1.1527895e+10 | Q53: =Q54+Q57+Q59+Q64+Q70+Q72+Q74+Q76+Q79+Q82 -> 1.1527895e+10 | R53: =O53/L53 -> 0.11002857
A54: C | B54: 4302 | C54: 1604 | D54: 16 | K54: APOYO A LA INFRAESTRUCTURA DEPORTIVA, RECREATIVA Y DE LA ACTIVIDAD FÍSICA A NIVEL NACIONAL | L54: =SUM(L55:L56) -> 7.2049083e+10 | M54: =SUM(M55:M56) -> 0 | N54: =SUM(N55:N56) -> 7.2049083e+10 | O54: =SUM(O55:O56) -> 8.7958313e+09 | P54: =SUM(P55:P56) -> 1.133682e+09 | Q54: =SUM(Q55:Q56) -> 1.133682e+09 | R54: =O54/L54 -> 0.1220811
A55: C | B55: 4302 | C55: 1604 | D55: 16 | E55: 0 | F55: 4302071 | H55: 10 | I55: Nación | J55: CSF | K55: SERVICIO DE APOYO FINANCIERO PARA EL FOMENTO DE LA INFRAESTRUCTURA DEPORTIVA | L55: 9.6192378e+09 | M55: =N55-L55 -> 0 | N55: 9.6192378e+09 | O55: 6.6980897e+08 | P55: 5.5906257e+08 | Q55: 5.5906257e+08 | R55: =O55/L55 -> 0.069632229
A56: C | B56: 4302 | C56: 1604 | D56: 16 | E56: 0 | F56: 4302071 | H56: 11 | I56: Nación | J56: CSF | K56: SERVICIO DE APOYO FINANCIERO PARA EL FOMENTO DE LA INFRAESTRUCTURA DEPORTIVA | L56: 62429845647 | M56: =N56-L56 -> 0 | N56: 62429845647 | O56: 8126022306 | P56: 574619457 | Q56: 574619457 | R56: =O56/L56 -> 0.13016246
A57: C | B57: 4302 | C57: 1604 | D57: 17 | K57: APOYO A LA INFRAESTRUCTURA DE ALTA COMPETENCIA A NIVEL NACIONAL | L57: =SUM(L58) -> 69042581454 | M57: =SUM(M58) -> 0 | N57: =SUM(N58) -> 69042581454 | O57: =SUM(O58) -> 1615000 | P57: =SUM(P58) -> 1615000 | Q57: =SUM(Q58) -> 1615000 | R57: =O57/L57 -> 2.3391362e-05
A58: C | B58: 4302 | C58: 1604 | D58: 17 | E58: 0 | F58: 4302071 | H58: 11 | I58: Nación | J58: CSF | K58: SERVICIO DE APOYO FINANCIERO PARA EL FOMENTO DE LA INFRAESTRUCTURA DEPORTIVA | L58: 69042581454 | M58: =N58-L58 -> 0 | N58: 69042581454 | O58: 1615000 | P58: 1615000 | Q58: 1615000 | R58: =O58/L58 -> 2.3391362e-05
A59: C | B59: 4302 | C59: 1604 | D59: 18 | K59: DESARROLLO DEL SISTEMA PARALÍMPICO PARA EL POSICIONAMIENTO Y LIDERAZGO DEPORTIVO NACIONAL | L59: =SUM(L60:L63) -> 4021090197 | M59: =SUM(M60:M63) -> -8700000 | N59: =SUM(N60:N63) -> 4012390197 | O59: =SUM(O60:O63) -> 577339967 | P59: =SUM(P60:P63) -> 427339967 | Q59: =SUM(Q60:Q63) -> 427339967 | R59: =O59/L59 -> 0.14357797
A60: C | B60: 4302 | C60: 1604 | D60: 18 | E60: 0 | F60: 4302001 | H60: 11 | I60: Nación | J60: CSF | K60: SERVICIO DE PREPARACIÓN DEPORTIVA | L60: 3300000000 | M60: =N60-L60 -> 0 | N60: 3300000000 | O60: 150000000 | P60: 0 | Q60: 0 | R60: =O60/L60 -> 0.045454545
A61: C | B61: 4302 | C61: 1604 | D61: 18 | E61: 0 | F61: 4302002 | H61: 11 | I61: Nación | J61: CSF | K61: SERVICIO DE APOYO FINANCIERO A ATLETAS | L61: 61694642 | M61: =N61-L61 -> 0 | N61: 61694642 | O61: 61694642 | P61: 61694642 | Q61: 61694642 | R61: =O61/L61 -> 1
A62: C | B62: 4302 | C62: 1604 | D62: 18 | E62: 0 | F62: 4302003 | H62: 11 | I62: Nación | J62: CSF | K62: SERVICIO DE ATENCIÓN MÉDICA ESPECIALIZADA | L62: 363149325 | M62: =N62-L62 -> 0 | N62: 363149325 | O62: 363149325 | P62: 363149325 | Q62: 363149325 | R62: =O62/L62 -> 1
A63: C | B63: 4302 | C63: 1604 | D63: 18 | E63: 0 | F63: 4302075 | H63: 11 | K63: SERVICIO DE ASISTENCIA TÉCNICA PARA LA PROMOCIÓN DEL DEPORTE | L63: 296246230 | M63: =N63-L63 -> -8700000 | N63: 287546230 | O63: 2496000 | P63: 2496000 | Q63: 2496000 | R63: =O63/L63 -> 0.0084254237
A64: C | B64: 4302 | C64: 1604 | D64: 19 | J64: CSF | K64: DESARROLLO AL DEPORTE DEL SISTEMA OLÍMPICO Y CONVENCIONAL PARA EL POSICIONAMIENTO Y LIDERAZGO DEPORTIVO NACIONAL | L64: =SUM(L65:L69) -> 2.656424e+10 | M64: =SUM(M65:M69) -> -609962000 | N64: =SUM(N65:N69) -> 2.5954278e+10 | O64: =SUM(O65:O69) -> 8.3146353e+09 | P64: =SUM(P65:P69) -> 7.847715e+09 | Q64: =SUM(Q65:Q69) -> 7.847715e+09 | R64: =O64/L64 -> 0.31300106
A65: C | B65: 4302 | C65: 1604 | D65: 19 | E65: 0 | F65: 4302001 | H65: 10 | I65: Nación | J65: CSF | K65: SERVICIO DE PREPARACIÓN DEPORTIVA - | L65: 1665154426 | M65: =N65-L65 -> 0 | N65: 1665154426 | O65: 1665154426 | P65: 1665154426 | Q65: 1665154426 | R65: =O65/L65 -> 1
A66: C | B66: 4302 | C66: 1604 | D66: 19 | E66: 0 | F66: 4302001 | H66: 11 | I66: Nación | J66: CSF | K66: SERVICIO DE PREPARACIÓN DEPORTIVA | L66: 15780616670 | M66: =N66-L66 -> 0 | N66: 15780616670 | O66: 2090528524 | P66: 2090528524 | Q66: 2090528524 | R66: =O66/L66 -> 0.13247445
A67: C | B67: 4302 | C67: 1604 | D67: 19 | E67: 0 | F67: 4302002 | H67: 10 | I67: Nación | J67: CSF | K67: SERVICIO DE APOYO FINANCIERO A ATLETAS | L67: 5.361085e+08 | M67: =N67-L67 -> 0 | N67: 5.361085e+08 | O67: 5.361085e+08 | P67: 5.361085e+08 | Q67: 5.361085e+08 | R67: =O67/L67 -> 1
A68: C | B68: 4302 | C68: 1604 | D68: 19 | E68: 0 | F68: 4302003 | H68: 10 | I68: Nación | J68: CSF | K68: SERVICIO DE ATENCIÓN MÉDICA ESPECIALIZADA | L68: 978319074 | M68: =N68-L68 -> -4385776 | N68: 973933298 | O68: 951345985 | P68: 939339985 | Q68: 939339985 | R68: =O68/L68 -> 0.97242915
A69: C | B69: 4302 | C69: 1604 | D69: 19 | E69: 0 | F69: 4302075 | H69: 10 | I69: Nación | J69: CSF | K69: SERVICIO DE ASISTENCIA TÉCNICA PARA LA PROMOCIÓN DEL DEPORTE | L69: 7.6040413e+09 | M69: =N69-L69 -> -605576224 | N69: 6.9984651e+09 | O69: 3.0714979e+09 | P69: 2.6165835e+09 | Q69: 2.6165835e+09 | R69: =O69/L69 -> 0.40392967
A70: C | B70: 4302 | C70: 1604 | D70: 20 | K70: DESARROLLO DE POLÍTICAS PÚBLICAS E INVESTIGACIÓN SECTORIAL A NIVEL NACIONAL | L70: =SUM(L71) -> 135773 | M70: =SUM(M71) -> 0 | N70: =SUM(N71) -> 135773 | O70: =SUM(O71) -> 135773 | P70: =SUM(P71) -> 135773 | Q70: =SUM(Q71) -> 135773 | R70: =O70/L70 -> 1
A71: C | B71: 4302 | C71: 1604 | D71: 20 | E71: 0 | F71: 4302009 | H71: 11 | I71: Nación | J71: CSF | K71: DOCUMENTOS DE LINEAMIENTOS TÉCNICOS | L71: 135773 | M71: =N71-L71 -> 0 | N71: 135773 | O71: 135773 | P71: 135773 | Q71: 135773 | R71: =O71/L71 -> 1
A72: C | B72: 4302 | C72: 1604 | D72: 21 | K72: ASISTENCIA A LA COOPERACIÓN INTERNACIONAL DEL SECTOR A NIVEL NACIONAL | L72: =SUM(L73) -> 38552040 | M72: =SUM(M73) -> 0 | N72: =SUM(N73) -> 38552040 | O72: =SUM(O73) -> 12398049 | P72: =SUM(P73) -> 0 | Q72: =SUM(Q73) -> 0 | R72: =O72/L72 -> 0.32159255
A73: C | B73: 4302 | C73: 1604 | D73: 21 | E73: 0 | F73: 4302008 | H73: 11 | I73: Nación | J73: CSF | K73: SERVICIO DE POSICIONAMIENTO INSTITUCIONAL | L73: 38552040 | M73: =N73-L73 -> 0 | N73: 38552040 | O73: 12398049 | P73: 0 | Q73: 0 | R73: =O73/L73 -> 0.32159255
A74: C | B74: 4302 | C74: 1604 | D74: 22 | K74: APOYO A LA ORGANIZACIÓN DE EVENTOS DEPORTIVOS PARA LA PREPARACIÓN DE ATLETAS Y LA PROMOCIÓN DEL DEPORTE NACIONAL | L74: =SUM(L75:L75) -> 5633650618 | M74: =SUM(M75:M75) -> 0 | N74: =SUM(N75:N75) -> 5633650618 | O74: =SUM(O75:O75) -> 734229975 | P74: =SUM(P75:P75) -> 731846625 | Q74: =SUM(Q75:Q75) -> 731846625 | R74: =O74/L74 -> 0.13032934
A75: C | B75: 4302 | C75: 1604 | D75: 22 | E75: 0 | F75: 4302004 | H75: 11 | I75: Nación | J75: CSF | K75: SERVICIO DE ORGANIZACIÓN DE EVENTOS DEPORTIVOS DE ALTO RENDIMIENTO | L75: 5633650618 | M75: =N75-L75 -> 0 | N75: 5633650618 | O75: 734229975 | P75: 731846625 | Q75: 731846625 | R75: =O75/L75 -> 0.13032934
A76: C | B76: 4302 | C76: 1604 | D76: 23 | K76: APOYO A LA INSPECCIÓN, VIGILANCIA Y CONTROL A NIVEL NACIONAL | L76: =SUM(L77:L78) -> 107884720 | M76: =SUM(M77:M78) -> 0 | N76: =SUM(N77:N78) -> 107884720 | O76: =SUM(O77:O78) -> 38352181 | P76: =SUM(P77:P78) -> 38352181 | Q76: =SUM(Q77:Q78) -> 38352181 | R76: =O76/L76 -> 0.35549224
A77: C | B77: 4302 | C77: 1604 | D77: 23 | E77: 0 | F77: 4302075 | H77: 11 | I77: Nación | J77: CSF | K77: SERVICIO DE ASISTENCIA TÉCNICA PARA LA PROMOCIÓN DEL DEPORTE | L77: 6500000 | M77: =N77-L77 -> 0 | N77: 6500000 | O77: 6500000 | P77: 6500000 | Q77: 6500000 | R77: =O77/L77 -> 1
A78: C | B78: 4302 | C78: 1604 | D78: 23 | E78: 0 | F78: 4302076 | H78: 11 | I78: Nación | J78: CSF | K78: SERVICIO DE INSPECCIÓN, VIGILANCIA Y CONTROL AL SISTEMA NACIONAL DEL DEPORTE | L78: 101384720 | M78: =N78-L78 -> 0 | N78: 101384720 | O78: 31852181 | P78: 31852181 | Q78: 31852181 | R78: =O78/L78 -> 0.31417142
A79: C | B79: 4302 | C79: 1604 | D79: 24 | K79: APOYO AL PROGRAMA AL CONTROL DOPAJE NACIONAL | L79: =SUM(L80:L81) -> 951490662 | M79: =SUM(M80:M81) -> 0 | N79: =SUM(N80:N81) -> 951490662 | O79: =SUM(O80:O81) -> 856341595 | P79: =SUM(P80:P81) -> 856341595 | Q79: =SUM(Q80:Q81) -> 856341595 | R79: =O79/L79 -> 0.9
A80: C | B80: 4302 | C80: 1604 | D80: 24 | E80: 0 | F80: 4302062 | H80: 11 | I80: Nación | J80: CSF | K80: SERVICIO DE EDUCACIÓN INFORMAL | L80: 24985500 | M80: =N80-L80 -> 0 | N80: 24985500 | O80: 22486950 | P80: 22486950 | Q80: 22486950 | R80: =O80/L80 -> 0.9
A81: C | B81: 4302 | C81: 1604 | D81: 24 | E81: 0 | F81: 4302078 | H81: 11 | I81: Nación | J81: CSF | K81: SERVICIO DE CONTROL DE DOPAJE | L81: 926505162 | M81: =N81-L81 -> 0 | N81: 926505162 | O81: 833854645 | P81: 833854645 | Q81: 833854645 | R81: =O81/L81 -> 0.9
A82: C | B82: 4302 | C82: 1604 | D82: 25 | H82: 11 | I82: Nación | J82: CSF | K82: DESARROLLO AL LABORATORIO DEL CONTROL AL DOPAJE NACIONAL | L82: =L83 -> 1742189231 | M82: =M83 -> 0 | N82: =N83 -> 1742189231 | O82: =O83 -> 490867214 | P82: =P83 -> 490867214 | Q82: =Q83 -> 490867214 | R82: =O82/L82 -> 0.2817531
A83: C | B83: 4302 | C83: 1604 | D83: 25 | E83: 0 | F83: 4302077 | H83: 11 | I83: Nación | J83: CSF | K83: SERVICIO DE ANÁLISIS DE MUESTRAS | L83: 1742189231 | M83: =N83-L83 -> 0 | N83: 1742189231 | O83: 490867214 | P83: 490867214 | Q83: 490867214 | R83: =O83/L83 -> 0.2817531
A84: C | B84: 4399 | K84: FORTALECIMIENTO DE LA GESTIÓN Y DIRECCIÓN DEL SECTOR DEPORTE Y RECREACIÓN | L84: =L85 -> 5.2948066e+09 | M84: =M85 -> -0.99000001 | N84: =N85 -> 5.2948066e+09 | O84: =O85 -> 2.7810512e+09 | P84: =P85 -> 2.6022371e+09 | Q84: =Q85 -> 2.6022371e+09 | R84: =O84/L84 -> 0.52524132
A85: C | B85: 4399 | C85: 1604 | K85: RECREACIÓN Y DEPORTE | L85: =L86+L88+L90 -> 5.2948066e+09 | M85: =M86+M88+M90 -> -0.99000001 | N85: =N86+N88+N90 -> 5.2948066e+09 | O85: =O86+O88+O90 -> 2.7810512e+09 | P85: =P86+P88+P90 -> 2.6022371e+09 | Q85: =Q86+Q88+Q90 -> 2.6022371e+09 | R85: =O85/L85 -> 0.52524132
A86: C | B86: 4399 | C86: 1604 | D86: 7 | K86: IMPLEMENTACIÓN DE LAS TECNOLOGÍAS DE LA INFORMACIÓN Y COMUNICACIÓN PARA EL SISTEMA NACIONAL DEL DEPORTE A NIVEL NACIONAL | L86: =SUM(L87) -> 2.0543911e+09 | M86: =SUM(M87) -> -0.99000001 | N86: =SUM(N87) -> 2.0543911e+09 | O86: =SUM(O87) -> 1.5470345e+09 | P86: =SUM(P87) -> 1.4984124e+09 | Q86: =SUM(Q87) -> 1.4984124e+09 | R86: =O86/L86 -> 0.75303794
A87: C | B87: 4399 | C87: 1604 | D87: 7 | E87: 0 | F87: 4399062 | H87: 11 | I87: Nación | J87: CSF | K87: SERVICIOS TECNOLÓGICOS | L87: 2.0543911e+09 | M87: =N87-L87 -> -0.99000001 | N87: 2.0543911e+09 | O87: 1.5470345e+09 | P87: 1.4984124e+09 | Q87: 1.4984124e+09 | R87: =O87/L87 -> 0.75303794
A88: C | B88: 4399 | C88: 1604 | D88: 8 | K88: MEJORAMIENTO SEDES COLDEPORTES BOGOTÁ | L88: =SUM(L89) -> 2.8362492e+09 | M88: =SUM(M89) -> 0 | N88: =SUM(N89) -> 2.8362492e+09 | O88: =SUM(O89) -> 9.1461292e+08 | P88: =SUM(P89) -> 7.8636736e+08 | Q88: =SUM(Q89) -> 7.8636736e+08 | R88: =O88/L88 -> 0.32247269
A89: C | B89: 4399 | C89: 1604 | D89: 8 | E89: 0 | F89: 4399016 | H89: 11 | I89: Nación | J89: CSF | K89: SEDES MANTENIDAS | L89: 2.8362492e+09 | M89: =N89-L89 -> 0 | N89: 2.8362492e+09 | O89: 9.1461292e+08 | P89: 7.8636736e+08 | Q89: 7.8636736e+08 | R89: =O89/L89 -> 0.32247269
A90: C | B90: 4399 | C90: 1604 | D90: 9 | K90: APOYO AL FORTALECIMIENTO DEL SECTOR A NIVEL NACIONAL | L90: =SUM(L91:L93) -> 4.0416629e+08 | M90: =SUM(M91:M93) -> 0 | N90: =SUM(N91:N93) -> 4.0416629e+08 | O90: =SUM(O91:O93) -> 3.1940385e+08 | P90: =SUM(P91:P93) -> 3.1745732e+08 | Q90: =SUM(Q91:Q93) -> 3.1745732e+08 | R90: =O90/L90 -> 0.79027831
A91: C | B91: 4399 | C91: 1604 | D91: 9 | E91: 0 | F91: 4399054 | H91: 11 | I91: Nación | J91: CSF | K91: DOCUMENTOS DE PLANEACIÓN | L91: 1446921 | M91: =N91-L91 -> 0 | N91: 1446921 | O91: 1446921 | P91: 1446921 | Q91: 1446921 | R91: =O91/L91 -> 1
A92: C | B92: 4399 | C92: 1604 | D92: 9 | E92: 0 | F92: 4399058 | H92: 11 | K92: SERVICIO DE EDUCACIÓN INFORMAL PARA LA GESTIÓN ADMINISTRATIVA | L92: 56568500 | M92: =N92-L92 -> 0 | N92: 56568500 | O92: 14199883 | P92: 12253348 | Q92: 12253348 | R92: =O92/L92 -> 0.25102103
A93: C | B93: 4399 | C93: 1604 | D93: 9 | E93: 0 | F93: 4399061 | H93: 11 | I93: Nación | J93: CSF | K93: SERVICIOS DE INFORMACIÓN IMPLEMENTADOS | L93: 3.4615087e+08 | M93: =N93-L93 -> 0 | N93: 3.4615087e+08 | O93: 3.0375705e+08 | P93: 3.0375705e+08 | Q93: 3.0375705e+08 | R93: =O93/L93 -> 0.8775279
